 Dungeon Crawl Stone Soup version 0.31.0 (webtiles) character file.

Game seed: 6500656490603534342

337468 qw the Crack Shot (level 21, -4/148 HPs)
             Began as a Gargoyle Hunter on Jan 19, 2024.
             Was a High Priest of Okawaru.
             Killed by the air
             ... invoked by a spriggan air mage
              (15 damage)
             ... on level 2 of the Depths.
             The game lasted 00:08:17 (39552 turns).

qw the Crack Shot (Gargoyle Hunter)                Turns: 39552, Time: 00:08:17

Health: -4/148     AC: 43    Str: 15    XL:     21   Next: 91%
Magic:  37/37      EV: 24    Int: 13    God:    Okawaru [*****.]
Gold:   1232       SH:  5    Dex: 29    Spells: 20/20 levels left

rFire   + . .        y - +5 hand cannon of Voola {drain, Fly rC+ MP+9}
rCold   + + .        (no shield)
rNeg    + . .        A - quicksilver dragon scales
rPois   inf          b - +2 helmet
rElec   +            z - scarf {repulsion}
rCorr   .            d - +2 pair of gloves
SInv    +            h - +2 pair of boots "Duheimawn" {rElec rC+ Dex+8 Stlth-}
Will    ++...        j - amulet of reflection
Stlth   +            o - ring of see invisible
HPRegen 0.44/turn    e - ring of protection from fire
MPRegen 0.25/turn

%: repel missiles, reflection
@: flying, hasted (expiring), very quick
A: sickness immunity, AC +16, big wings, negative energy resistance 1,
electricity resistance, torment resistance 1, petrification resistance,
deterioration 1
}: 2/15 runes: decaying, serpentine
a: Renounce Religion, Heroism, Finesse, Duel


You were on level 2 of the Depths.
You worshipped Okawaru.
Okawaru was extremely pleased with you.
You visited 8 branches of the dungeon, and saw 37 of its levels.

You collected 4359 gold pieces.
You spent 3127 gold pieces at shops.


Innate Abilities, Weirdness & Mutations

You are immune to sickness and miasma.
Your stone body is resilient. (AC +16)
You are immune to poison.
Your large and strong wings let you fly.
You resist negative energy. (rN+)
You are resistant to electric shocks. (rElec)
You are resistant to unholy torment.
You are immune to petrification.
Your body sometimes deteriorates upon taking damage.


   Skills:
 - Level 21.0 Fighting
 - Level 24.0 Ranged Weapons
 + Level 17.4 Armour
 - Level 14.0 Dodging
 - Level 1.1 Stealth
 - Level 10.1 Invocations


You had 20 spell levels left.
You didn't know any spells.
Your spell library was empty.

Inventory:

Hand Weapons
 y - the +5 hand cannon of Voola (weapon) {drain, Fly rC+ MP+9}
   (Okawaru gifted it to you on level 5 of the Lair of Beasts)

   rC+:       It protects you from cold.
   MP+9:      It affects your magic capacity (+9).
   Fly:       It grants you flight.
 G - a +3 hand cannon of freezing
Armour
 b - a +2 helmet (worn)
 d - a +2 pair of gloves (worn)
 h - the +2 pair of boots "Duheimawn" (worn) {rElec rC+ Dex+8 Stlth-}
   (Okawaru gifted it to you on level 5 of the Lair of Beasts)

   Dex+8:     It affects your dexterity (+8).
   rC+:       It protects you from cold.
   rElec:     It insulates you from electricity.
   Stlth-:    It makes you less stealthy.
 i - a +1 ring mail of fire resistance
 r - a +1 cloak
 z - a scarf of repulsion (worn)
 A - quicksilver dragon scales (worn)
 F - a +1 robe of resistance
 H - a +2 helmet of see invisible
Jewellery
 e - a ring of protection from fire (right hand)
 j - an amulet of reflection (around neck)
 o - a ring of see invisible (left hand)
 w - a ring of positive energy
 x - the ring of Xom's Passing Interest {Ice rN+}
   (You took it off Josephina on level 2 of the Depths)

   [ring of ice]

   Ice:       It enhances your ice magic.
   rF-:       It makes you vulnerable to fire.
   rC+:       It protects you from cold.
   rN+:       It protects you from negative energy.
 D - a ring of resist corrosion
 I - a ring of protection from cold
 J - a ring of protection from cold
 Y - a +6 ring of strength
Wands
 a - a wand of polymorph (16)
 m - a wand of digging (9)
 p - a wand of acid (20)
 q - a wand of roots (33)
Scrolls
 g - 13 scrolls of identify
 B - 4 scrolls of enchant armour
 E - 4 scrolls of enchant weapon
Potions
 c - 2 potions of magic
 f - 4 potions of mutation
 l - 6 potions of cancellation
 n - 2 potions of haste
 s - 10 potions of curing
 t - 7 potions of enlightenment
 v - 2 potions of resistance
 C - 3 potions of might

Dungeon Overview and Level Annotations

Branches:
Dungeon (15/15)            Temple (1/1) D:5            Lair (5/5) D:11
  Swamp (4/4) Lair:2        Snake (4/4) Lair:3        Slime (0/5) Lair:4
    Orc (2/2) D:9             Elf (0/3) Orc:2        Vaults (4/5) D:14
  Crypt (0/3) Vaults:2     Depths (2/4) D:15

Altars:
Ashenzari
Cheibriados
Dithmenos
Elyvilon
Fedhas
Gozag
Hepliaklqana
Kikubaaqudgha
Makhleb
Nemelex Xobeh
Okawaru
Qazlal
Ru
Sif Muna
Trog
Uskayaw
Vehumet
Wu Jian
Xom
Yredelemnul
Zin
The Shining One

Shops:
D:2 *   D:6 (   D:8 (   D:15 [   Orc:2 *[:*   Snake:1 :   Snake:4 (
Vaults:1 :(([   Vaults:2 ?   Vaults:3 !   Vaults:4 (

Portals:
Hell: Depths:1 Depths:2
Abyss: Depths:1
Pandemonium: Depths:1 Depths:2
Trove: D:10 (give 15 potions of curing)

Annotations:
D:14 1 runed translucent door
Lair:1 2 transporters
Lair:5 1 runed translucent door, Kaofid's ghost, journeyman GrEE
Swamp:3 3 runed translucent doors, esper6's ghost, journeyman GnNe
Vaults:2 2 transporters
Depths:1 2 transporters
Depths:2 Grunn


Message History

The hell knight is moderately wounded.
You shoot a bolt. The bolt barely misses the hell knight.
The bolt hits the spark wasp!!!
The spark wasp is severely wounded.
You shoot a bolt. The bolt hits the spark wasp!!!
You kill the spark wasp!
Okawaru accepts your kill.
You hear a shout!
The deep elf demonologist gestures wildly while chanting.
You shoot a bolt. The bolt hits the hell knight.
You drain the hell knight.
The hell knight is moderately wounded.
You shoot a bolt. The bolt hits the hell knight!
The hell knight is heavily wounded.
The deep elf demonologist casts a spell.
You shoot a bolt. The bolt hits the hell knight!!
You drain the hell knight!
You kill the hell knight!
Okawaru accepts your kill.
You hear a shout!
You shoot a bolt.
The bolt hits the deep elf demonologist!!!
You kill the deep elf demonologist!
Okawaru accepts your kill.
The cacodemon disappears in a puff of smoke!
The ynoxinul disappears in a puff of smoke!
The chaos spawn degenerates into a cloud of primal chaos! x2
You hear a shout!
A spriggan air mage comes into view.
You shoot a bolt.
The bolt completely misses the spriggan air mage.
The spriggan air mage is engulfed in seething chaos.
The spriggan air mage becomes as fragile as glass!
You shoot a bolt. The bolt misses the spriggan air mage.
Your extra speed is starting to run out.
The spriggan air mage waves its arms in wide circles.
The air twists around and strikes you!!
You shoot a bolt. The bolt misses the spriggan air mage.
A blizzard demon comes into view.
A Tzitzimitl comes into view.
The spriggan air mage waves its arms in wide circles.
The air twists around and strikes you!
You die...

#..# <..# #..~..# ...# #.....#
...# #.....# ...# #.....# ...#
#.....# ...# '2######.....###
...# ......0.0...... ...#
.....)0@0...... ...#
....##.0.}...## ...# '
........... ...# #.....)......
...## ###..)......#
....###########.i.¤...###########
..............##¤....##.........#
...........¤..}#..¤.1#}..~.......
.......~.~.~..## ...##..~.~)~...


You could see a Tzitzimitl, a blizzard demon and a spriggan air mage (repels
missiles, vitrified).

Vanquished Creatures
  Mara (Depths:2)
  Josephina (Depths:2)
  Bai Suzhen (Swamp:4)
  Nikola (Snake:3)
  2 doom hounds (Depths:2)
  A bone dragon (Depths:2)
  A tentacled monstrosity (Swamp:3)
  Jorgrun (Snake:3)
  A lich (Vaults:2)
  A titan (Vaults:4)
  4 sphinxes
  Frances (D:12)
  Kirke (Snake:1)
  A tengu reaver (Depths:2)
  2 thorn hunters (Swamp:4)
  3 fenstrider witches
  7 nagarajas
  2 fire giants
  11 vault wardens
  A frost giant (Depths:1)
  2 orc warlords (Vaults:1)
  A reaper (Depths:2)
  A cacodemon (Depths:1)
  12 very ugly things
  5 ironbound thunderhulks
  A caustic shrike skeleton (Depths:1)
  3 formless jellyfish
  15 ironbound preservers
  A deep elf demonologist (Depths:2)
  A vampire knight (Depths:2)
  A putrid mouth (Depths:2)
  4 dire elephants
  4 eleionomae
  3 stone giants
  A lorocyproca (Depths:2)
  A spark wasp (Depths:2)
  11 bunyips
  A blizzard demon (Depths:1)
  5 fire dragons
  6 ettins
  Snorg (Orc:1)
  A shambling mangrove (Swamp:4)
  5 great orbs of eyes
  An entropy weaver (Vaults:4)
  12 yaktaur captains
  2 spriggan air magi (Depths:1)
  6 ice dragons
  10 vault guards
  3 alligators
  19 hydras
  13 ironbound frosthearts
  12 anacondas
  4 salamander tyrants
  An ogre mage (Orc:2)
  3 centaur warriors
  7 boulder beetles
  3 catoblepae
  A ghost crab (Swamp:3)
  An anaconda (shapeshifter) (D:13)
  13 naga warriors
  5 death yaks (Lair:5)
  7 two-headed ogres
  4 deep troll shamans
  2 tengu warriors
  A deep troll earth mage (Depths:1)
  3 orc high priests (Orc:2)
  A vampire mage (Depths:2)
  An occultist (Depths:1)
  A soul eater (Depths:2)
  2 spriggan berserkers
  20 naga sharpshooters
  Sonja (Lair:4)
  5 hell knights (Depths:2)
  4 shock serpents
  A sun demon (Depths:1)
  2 iron trolls (Depths:1)
  5 salamander mystics
  4 goliath frogs
  14 swamp dragons
  7 mana vipers
  31 deep trolls
  4 phantasmal warriors
  8 naga ritualists
  6 bog bodies
  A spriggan simulacrum (Depths:2)
  3 harpies (Vaults:1)
  6 spriggan druids
  10 arcanists
  19 ironbound convokers
  4 necromancers
  14 lindwurms
  Pikel (D:6)
  5 orc sorcerers
  7 orc knights
  31 ugly things
  A tengu skeleton (Depths:1)
  A deep elf pyromancer (D:14)
  3 cyclopes
  22 salamanders
  3 will-o-the-wisps
  A manticore (D:12)
  8 elephants
  A stone giant skeleton (Vaults:3)
  5 kobold blastminers
  An ice statue (Vaults:2)
  Joseph (D:10)
  A torpor snail (Lair:5)
  35 black mambas
  26 naga magi
  A smoke demon (Depths:1)
  21 vault sentinels
  6 guardian serpents
  9 cane toads
  A gargoyle (D:12)
  39 yaktaurs
  Maggie (D:6)
  A kobold demonologist (D:9)
  7 rime drakes
  A spark wasp simulacrum (Depths:2)
  11 komodo dragons
  4 tengu conjurers
  A tormentor (Depths:2)
  2 spectral nagas (Snake:2)
  A polar bear (shapeshifter) (D:14)
  8 trolls
  3 polar bears
  14 hornets
  11 tyrant leeches
  A spriggan zombie (Depths:1)
  22 blink frogs
  42 slime creatures
  3 shadows
  A hog (shapeshifter) (D:14)
  A wraith (D:12)
  3 wyverns
  18 spriggans
  3 hogs (Snake:1)
  43 yaks
  4 basilisks
  An elf skeleton (Vaults:3)
  4 vampire mosquitoes (Swamp:2)
  A human (Snake:1)
  2 redbacks (Vaults:4)
  3 wargs
  15 swamp worms
  3 acid dragons
  52 nagas
  11 water moccasins
  10 swamp drakes
  16 orc warriors
  2 sky beasts
  An ice beast (D:5)
  7 ogres
  6 black bears
  12 wolves
  7 centaurs
  A human skeleton (Vaults:3)
  2 lemures (D:6)
  2 kobold brigands
  4 phantoms
  16 bullfrogs
  A scorpion (D:6)
  14 wights
  4 killer bees (D:7)
  A howler monkey (D:7)
  3 hounds
  2 gnoll boudas
  25 orc priests
  2 jellies (D:5)
  2 sleepcaps
  Jessica (D:3)
  3 iguanas
  23 orc wizards
  12 hell rats
  Robin (D:2)
  10 gnolls
  2 adders
  A white imp (D:6)
  2 ufetubi (D:5)
  4 ribbon worms
  2 dart slugs (D:3)
  52 orcs
  9 ball pythons
  3 endoplasms
  4 giant cockroaches
  15 goblins
  7 hobgoblins
  2 jackals (D:4)
  6 quokkas
  7 bats
  2 frilled lizards
  15 kobolds
  3 rats
1291 creatures vanquished.

Vanquished Creatures (others)
  A quicksilver dragon simulacrum (Depths:2)
  A sphinx simulacrum (Depths:2)
  A deep elf pyromancer (D:12)
  A titan simulacrum (Depths:2)
  2 orc wizards
  10 foxfires (Swamp:3)
16 creatures vanquished.

Grand Total: 1307 creatures vanquished

Notes
Turn   | Place    | Note
-------+----------+-------------------------------------------
     0 | D:1      | qw the Gargoyle Hunter began the quest for the Orb.
     0 | D:1      | Reached XP level 1. HP: 12/12 MP: 1/1
     0 | D:1      | 0 ||| qw: Version: 0.3-a-132-g3d54051
     0 | D:1      | 0 ||| qw: Game counter: 315
     0 | D:1      | 0 ||| qw: Melee chars always use a shield: true
     0 | D:1      | 0 ||| qw: God list: Okawaru
     0 | D:1      | 0 ||| qw: Allow faded altars: false
     0 | D:1      | 0 ||| qw: Do Orc after clearing Dungeon:15 true
     0 | D:1      | 0 ||| qw: Do second Lair branch before Depths: true
     0 | D:1      | 0 ||| qw: Lair rune preference: random
     0 | D:1      | 0 ||| qw: Goals: Normal
     0 | D:1      | 0 ||| PLANNING D:1-11
   106 | D:1      | Reached XP level 2. HP: 17/17 MP: 2/2
   106 | D:1      | Found a faded altar of an unknown god.
   704 | D:1      | 704 ||| UPGRADING to +2 pair of boots.
   709 | D:1      | 709 ||| UPGRADING to +0 ring mail.
   719 | D:1      | 719 ||| DROPPING +0 leather armour.
   720 | D:1      | 720 ||| UPGRADING to ring of positive energy.
   721 | D:1      | 721 ||| READING 2 scrolls labelled AJYXTI XUEGG.
   721 | D:1      | 721 ||| BRANDING +0 shortbow.
   722 | D:1      | 722 ||| READING scroll of brand weapon.
   722 | D:1      | 722 ||| BRANDING +0 shortbow of electrocution.
   723 | D:1      | 723 ||| READING scroll labelled ZAEWNI XEDOF.
   727 | D:1      | 727 ||| READING 2 scrolls labelled VEETHI MU PICA.
   727 | D:1      | 727 ||| IDENTIFYING amethyst potion
   728 | D:1      | 728 ||| READING scroll of identify.
   728 | D:1      | 728 ||| IDENTIFYING inky potion
   729 | D:1      | 729 ||| DRINKING 2 fizzy green potions.
   730 | D:1      | 730 ||| DRINKING 2 blue potions.
   731 | D:1      | 731 ||| DROPPING scroll of butterflies.
   732 | D:1      | 732 ||| DROPPING potion of brilliance.
   771 | D:2      | Noticed Robin
   772 | D:2      | 772 ||| STAIRDANCE
   782 | D:1      | Reached skill level 1 in Armour
   800 | D:2      | 800 ||| STAIRDANCE
   802 | D:1      | 802 ||| RETREEEEATING.
   805 | D:1      | Reached XP level 3. HP: 14/21 MP: 3/3
   811 | D:1      | HP: 5/21 [goblin/+0 club[Robin] (4)]
   812 | D:1      | 812 ||| DRINKING potion of heal wounds.
   817 | D:2      | 817 ||| STAIRDANCE
   891 | D:2      | 891 ||| STAIRDANCE
   898 | D:2      | 898 ||| STAIRDANCE
   916 | D:2      | Killed Robin
   917 | D:2      | Reached skill level 5 in Ranged Weapons
   962 | D:2      | Found Adocwoerch's General Store.
   985 | D:2      | 985 ||| BUYING potion of heal wounds (60 gold).
   985 | D:2      | Bought a potion of heal wounds for 60 gold pieces
   985 | D:2      | 985 ||| SHOPLISTING potion of heal wounds (60 gold, have
                  | 57).
   985 | D:2      | 985 ||| BUYING scroll of identify (24 gold).
   985 | D:2      | Bought a scroll of identify for 24 gold pieces
   985 | D:2      | 985 ||| SHOPLISTING scroll of teleportation (36 gold, have
                  | 33).
   985 | D:2      | 985 ||| SHOPLISTING wand of charming (2) (57 gold, have
                  | 33).
  1067 | D:2      | Reached XP level 4. HP: 27/27 MP: 4/4
  1071 | D:2      | Identified the +0 chain mail of Eqouheo {Regen+ Slay+3}
  1222 | D:2      | Found a basalt altar of Yredelemnul.
  1407 | D:2      | 1407 ||| UPGRADING to +1 helmet.
  1412 | D:2      | 1412 ||| READING 5 scrolls of identify.
  1412 | D:2      | 1412 ||| IDENTIFYING bubbling cyan potion
  1413 | D:2      | 1413 ||| READING 4 scrolls of identify.
  1413 | D:2      | 1413 ||| IDENTIFYING scroll labelled SASI BAUTELE
  1414 | D:2      | 1414 ||| READING 3 scrolls of identify.
  1414 | D:2      | 1414 ||| IDENTIFYING 2 scrolls labelled FALIZXE JUFA
  1415 | D:2      | 1415 ||| DROPPING scroll of blinking.
  1416 | D:2      | 1416 ||| DROPPING 2 scrolls of revelation.
  1417 | D:2      | 1417 ||| DROPPING potion of attraction.
  1459 | D:3      | Reached skill level 3 in Fighting
  1548 | D:3      | Found a shimmering blue altar of Sif Muna.
  1653 | D:3      | Noticed Jessica
  1656 | D:3      | Killed Jessica
  1827 | D:3      | Reached XP level 5. HP: 32/32 MP: 5/5
  1868 | D:4      | Reached skill level 6 in Ranged Weapons
  1870 | D:4      | Noticed a phantom
  1879 | D:4      | Killed a phantom
  1882 | D:4      | Reached XP level 6. HP: 28/38 MP: 6/6
  1904 | D:4      | 1904 ||| FLEEEEING.
  1908 | D:4      | 1908 ||| STAIRDANCE
  2016 | D:4      | 2016 ||| FLEEEEING.
  2327 | D:4      | Identified the +0 hand axe of Maycunt {heavy, Str+3 Int-5
                  | Dex+3}
  2397 | D:4      | Reached skill level 7 in Ranged Weapons
  2397 | D:4      | 2397 ||| FLEEEEING.
  2447 | D:4      | 2447 ||| UPGRADING to amulet of reflection.
  2452 | D:4      | 2452 ||| UPGRADING to ring of protection from fire.
  2453 | D:4      | 2453 ||| READING 2 scrolls of identify.
  2453 | D:4      | 2453 ||| IDENTIFYING scroll labelled HAOHOU XOKUSOCRAX
  2454 | D:4      | 2454 ||| DROPPING scroll of fog.
  2479 | D:5      | Entered Level 5 of the Dungeon
  2506 | D:5      | Reached XP level 7. HP: 35/43 MP: 7/7
  2507 | D:5      | 2507 ||| FLEEEEING.
  2512 | D:5      | 2512 ||| STAIRDANCE
  2532 | D:4      | 2532 ||| READING scroll of identify.
  2532 | D:4      | 2532 ||| IDENTIFYING scroll labelled BYCZEC FOTH
  2533 | D:4      | 2533 ||| READING scroll of enchant armour.
  2533 | D:4      | 2533 ||| ENCHANTING +1 helmet.
  2553 | D:5      | Reached skill level 3 in Armour
  2639 | D:5      | 2639 ||| DRINKING 2 potions of curing.
  2639 | D:5      | 2639 ||| (to cure confusion)
  2643 | D:5      | HP: 10/43 [orc/+0 flail (7)]
  2644 | D:5      | 2644 ||| DRINKING 2 potions of heal wounds.
  2654 | D:5      | 2654 ||| FLEEEEING.
  2727 | D:5      | 2727 ||| DRINKING potion of curing.
  2727 | D:5      | 2727 ||| (to cure confusion)
  2730 | D:5      | Reached skill level 8 in Ranged Weapons
  2730 | D:5      | 2730 ||| FLEEEEING.
  2741 | D:5      | 2741 ||| FLEEEEING.
  2753 | D:5      | 2753 ||| FLEEEEING.
  2769 | D:5      | 2769 ||| FLEEEEING.
  2987 | D:5      | Found a staircase to the Ecumenical Temple.
  2988 | D:5      | 2988 ||| PLANNING TEMPLE
  2988 | D:5      | 2988 ||| READING scroll of identify.
  2988 | D:5      | 2988 ||| IDENTIFYING 2 scrolls labelled UKKUKE OCZUEBBIPH
  2989 | D:5      | 2989 ||| DROPPING 2 scrolls of noise.
  2998 | Temple   | Entered the Ecumenical Temple
  2999 | Temple   | 2999 ||| PLANNING OKAWARU WORSHIP
  3008 | Temple   | Became a worshipper of Warmaster Okawaru
  3009 | Temple   | 3009 ||| PLANNING D:1-11
  3096 | D:5      | Reached XP level 8. HP: 49/49 MP: 8/8
  3128 | D:5      | HP: 9/49 [orc priest/divine providence (15)]
  3129 | D:5      | 3129 ||| DRINKING potion of heal wounds.
  3241 | D:5      | 3241 ||| FLEEEEING.
  3379 | D:5      | 3379 ||| READING scroll labelled HAKEYR JAXOUJ.
  3452 | D:6      | Noticed Maggie
  3453 | D:6      | 3453 ||| ZAPPING wand of acid (13) at 1,-2 (Maggie; floor).
  3454 | D:6      | 3454 ||| ZAPPING wand of acid (12) at 1,-2 (Maggie; floor).
  3455 | D:6      | 3455 ||| ZAPPING wand of acid (11) at 1,-2 (Maggie; floor).
  3456 | D:6      | 3456 ||| ZAPPING wand of acid (10) at 1,-2 (Maggie; floor).
  3457 | D:6      | 3457 ||| ZAPPING wand of acid (9) at 1,-2 (Maggie; floor).
  3458 | D:6      | 3458 ||| ZAPPING wand of acid (8) at 1,-2 (Maggie; floor).
  3458 | D:6      | Killed Maggie
  3459 | D:6      | Reached skill level 9 in Ranged Weapons
  3459 | D:6      | 3459 ||| FLEEEEING.
  3460 | D:6      | 3460 ||| FLEEEEING.
  3461 | D:6      | 3461 ||| FLEEEEING.
  3462 | D:6      | 3462 ||| FLEEEEING.
  3463 | D:6      | 3463 ||| FLEEEEING.
  3464 | D:6      | 3464 ||| FLEEEEING.
  3465 | D:6      | 3465 ||| FLEEEEING.
  3466 | D:6      | 3466 ||| FLEEEEING.
  3467 | D:6      | 3467 ||| FLEEEEING.
  3468 | D:6      | 3468 ||| STAIRDANCE
  3554 | D:6      | Reached * piety under Okawaru
  3606 | D:6      | Reached skill level 1 in Invocations
  3606 | D:6      | 3606 ||| FLEEEEING.
  3837 | D:6      | Noticed Pikel
  3838 | D:6      | 3838 ||| RETREEEEATING.
  3840 | D:6      | 3840 ||| ZAPPING wand of acid (7) at -2,-5 (Pikel; floor).
  3841 | D:6      | 3841 ||| RETREEEEATING.
  3842 | D:6      | 3842 ||| ZAPPING wand of acid (6) at -2,-4 (Pikel; floor).
  3843 | D:6      | 3843 ||| ZAPPING wand of acid (5) at -2,-4 (Pikel; floor).
  3844 | D:6      | 3844 ||| ZAPPING wand of acid (4) at -1,-3 (Pikel; floor).
  3845 | D:6      | 3845 ||| ZAPPING wand of acid (3) at 0,-2 (Pikel; floor).
  3846 | D:6      | 3846 ||| INVOKING Heroism.
  3849 | D:6      | Killed Pikel
  3850 | D:6      | Reached skill level 6 in Fighting
  3850 | D:6      | Reached XP level 9. HP: 43/56 MP: 7/12
  3947 | D:6      | Found Rarioduh's Antique Weapon Shop.
  3966 | D:6      | 3966 ||| ZAPPING wand of acid (2) at 3,1 (black bear;
                  | floor).
  3967 | D:6      | 3967 ||| ZAPPING wand of acid (1) at 1,1 (black bear;
                  | floor).
  4276 | D:6      | Found a blossoming altar of Fedhas.
  4276 | D:6      | Found a shadowy altar of Dithmenos.
  4301 | D:6      | 4301 ||| UPGRADING to +0 swamp dragon scales.
  4311 | D:6      | 4311 ||| UPGRADING to +0 pair of gloves.
  4316 | D:6      | 4316 ||| DROPPING +0 ring mail.
  4317 | D:6      | 4317 ||| UPGRADING to +3 ring mail.
  4327 | D:6      | 4327 ||| DROPPING +0 swamp dragon scales.
  4328 | D:6      | 4328 ||| DROPPING amulet of guardian spirit.
  4329 | D:6      | 4329 ||| READING scroll labelled VYNEYTT BUENU.
  4330 | D:6      | 4330 ||| READING scroll labelled NENESE HIULOSY.
  4330 | D:6      | Identified a scroll of acquirement
  4330 | D:6      | 4330 ||| ACQUIRING 664 gold pieces
  4330 | D:6      | Acquired 664 gold pieces
  4332 | D:6      | 4332 ||| DROPPING wand of flame (20).
  4513 | D:7      | HP: 13/56 [wight/+4 battleaxe of freezing (17)]
  4513 | D:7      | HP: 5/56 [wight/+4 battleaxe of freezing (8)]
  4516 | D:7      | Reached ** piety under Okawaru
  4517 | D:7      | 4517 ||| FLEEEEING.
  4524 | D:7      | 4524 ||| STAIRDANCE
  4687 | D:6      | 4687 ||| READING scroll of identify.
  4687 | D:6      | 4687 ||| IDENTIFYING grey potion
  4735 | D:7      | 4735 ||| READING scroll of enchant armour.
  4735 | D:7      | 4735 ||| ENCHANTING +0 pair of gloves.
  4776 | D:7      | 4776 ||| RETREEEEATING.
  4777 | D:7      | 4777 ||| RETREEEEATING.
  4779 | D:7      | Reached skill level 10 in Ranged Weapons
  4780 | D:7      | 4780 ||| RETREEEEATING.
  4781 | D:7      | 4781 ||| RETREEEEATING.
  4782 | D:7      | 4782 ||| RETREEEEATING.
  4783 | D:7      | 4783 ||| RETREEEEATING.
  4784 | D:7      | 4784 ||| RETREEEEATING.
  4785 | D:7      | 4785 ||| RETREEEEATING.
  4786 | D:7      | 4786 ||| RETREEEEATING.
  4787 | D:7      | 4787 ||| RETREEEEATING.
  4788 | D:7      | 4788 ||| RETREEEEATING.
  4809 | D:7      | 4809 ||| FLEEEEING.
  4852 | D:7      | 4852 ||| FLEEEEING.
  4853 | D:7      | 4853 ||| FLEEEEING.
  4854 | D:7      | 4854 ||| FLEEEEING.
  4855 | D:7      | 4855 ||| FLEEEEING.
  4856 | D:7      | 4856 ||| FLEEEEING.
  4857 | D:7      | 4857 ||| FLEEEEING.
  4858 | D:7      | 4858 ||| FLEEEEING.
  4859 | D:7      | 4859 ||| FLEEEEING.
  4860 | D:7      | 4860 ||| FLEEEEING.
  4861 | D:7      | 4861 ||| FLEEEEING.
  4862 | D:7      | 4862 ||| FLEEEEING.
  4863 | D:7      | 4863 ||| FLEEEEING.
  4864 | D:7      | 4864 ||| FLEEEEING.
  4865 | D:7      | 4865 ||| FLEEEEING.
  4866 | D:7      | 4866 ||| FLEEEEING.
  4867 | D:7      | 4867 ||| FLEEEEING.
  4868 | D:7      | 4868 ||| FLEEEEING.
  4869 | D:7      | 4869 ||| FLEEEEING.
  4870 | D:7      | 4870 ||| FLEEEEING.
  4871 | D:7      | 4871 ||| FLEEEEING.
  4872 | D:7      | 4872 ||| FLEEEEING.
  4873 | D:7      | 4873 ||| STAIRDANCE
  4879 | D:6      | 4879 ||| STAIRDANCE
  5362 | D:7      | Reached skill level 11 in Ranged Weapons
  5363 | D:7      | 5363 ||| RETREEEEATING.
  5364 | D:7      | 5364 ||| RETREEEEATING.
  5365 | D:7      | 5365 ||| RETREEEEATING.
  5366 | D:7      | 5366 ||| RETREEEEATING.
  5369 | D:7      | 5369 ||| RETREEEEATING.
  5370 | D:7      | 5370 ||| RETREEEEATING.
  5371 | D:7      | 5371 ||| RETREEEEATING.
  5372 | D:7      | 5372 ||| RETREEEEATING.
  5377 | D:7      | Reached *** piety under Okawaru
  5400 | D:7      | Reached skill level 3 in Dodging
  5579 | D:7      | Reached XP level 10. HP: 63/63 MP: 13/13
  5625 | D:7      | 5625 ||| READING 2 scrolls of identify.
  5625 | D:7      | 5625 ||| IDENTIFYING glowing ruby potion
  5648 | D:8      | 5648 ||| RETREEEEATING.
  5650 | D:8      | 5650 ||| RETREEEEATING.
  5755 | D:8      | Found Itzobam's Antique Weapon Emporium.
  5763 | D:8      | 5763 ||| BUYING orcbow (122 gold).
  5763 | D:8      | Bought an orcbow for 122 gold pieces
  5763 | D:8      | 5763 ||| SWAPPING to +0 orcbow.
  5764 | D:8      | 5764 ||| DROPPING +0 heavy shortbow.
  5870 | D:8      | 5870 ||| FLEEEEING.
  6046 | D:8      | 6046 ||| FLEEEEING.
  6111 | D:8      | HP: 16/64 [wyvern (13)]
  6116 | D:8      | Reached **** piety under Okawaru
  6117 | D:8      | 6117 ||| FLEEEEING.
  6122 | D:8      | 6122 ||| STAIRDANCE
  6303 | D:8      | Reached skill level 12 in Ranged Weapons
  6316 | D:8      | 6316 ||| FLEEEEING.
  6689 | D:8      | 6689 ||| UPGRADING to +0 cloak.
  6694 | D:8      | 6694 ||| READING 2 scrolls of identify.
  6694 | D:8      | 6694 ||| IDENTIFYING ruby potion
  6969 | D:9      | Noticed a kobold demonologist
  6970 | D:9      | 6970 ||| INVOKING Finesse.
  6998 | D:9      | Killed a kobold demonologist
  7035 | D:9      | Found a staircase to the Orcish Mines.
  7046 | D:9      | 7046 ||| RETREEEEATING.
  7047 | D:9      | 7047 ||| RETREEEEATING.
  7048 | D:9      | 7048 ||| RETREEEEATING.
  7049 | D:9      | 7049 ||| INVOKING Finesse.
  7270 | D:9      | 7270 ||| DROPPING +0 robe of willpower.
  7271 | D:9      | 7271 ||| READING scroll of identify.
  7271 | D:9      | 7271 ||| IDENTIFYING scroll labelled ITOTTA PEDIOME
  7272 | D:9      | 7272 ||| READING scroll labelled QONEIK VIUF.
  7273 | D:9      | 7273 ||| FLEEEEING.
  7383 | D:9      | 7383 ||| DROPPING scroll of vulnerability.
  7397 | D:10     | Entered Level 10 of the Dungeon
  7440 | D:10     | HP: 15/64 [troll (8)]
  7441 | D:10     | 7441 ||| READING scroll of teleportation.
  7442 | D:10     | HP: 7/64 [troll (8)]
  7445 | D:10     | 7445 ||| FLEEEEING.
  7689 | D:10     | 7689 ||| FLEEEEING.
  7698 | D:10     | 7698 ||| STAIRDANCE
  7791 | D:9      | 7791 ||| UPGRADING to +0 troll leather armour.
  7801 | D:9      | 7801 ||| DROPPING +3 ring mail.
  7839 | D:10     | Found a portal to a secret trove of treasure.
  7843 | D:10     | 7843 ||| RETREEEEATING.
  7846 | D:10     | 7846 ||| INVOKING Finesse.
  7847 | D:10     | 7847 ||| INVOKING Finesse.
  7877 | D:10     | Reached XP level 11. HP: 63/68 MP: 10/15
  7890 | D:10     | Reached skill level 6 in Invocations
  7895 | D:10     | 7895 ||| FLEEEEING.
  7926 | D:10     | Noticed Joseph
  7929 | D:10     | 7929 ||| FLEEEEING.
  7946 | D:10     | Killed Joseph
  8012 | D:10     | 8012 ||| FLEEEEING.
  8058 | D:10     | You fall into a shaft and drop 3 floors!
  8071 | D:12     | Noticed a deep elf pyromancer
  8071 | D:12     | 8071 ||| INVOKING Finesse.
  8071 | D:12     | Noticed a boulder beetle
  8094 | D:12     | Killed a deep elf pyromancer
  8095 | D:12     | Reached skill level 13 in Ranged Weapons
  8143 | D:12     | Killed a boulder beetle
  8196 | D:10     | 8196 ||| RETREEEEATING.
  8197 | D:10     | 8197 ||| RETREEEEATING.
  8198 | D:10     | 8198 ||| RETREEEEATING.
  8199 | D:10     | 8199 ||| RETREEEEATING.
  8200 | D:10     | 8200 ||| RETREEEEATING.
  8201 | D:10     | 8201 ||| RETREEEEATING.
  8202 | D:10     | 8202 ||| RETREEEEATING.
  8203 | D:10     | 8203 ||| RETREEEEATING.
  8311 | D:10     | 8311 ||| SWAPPING to +3 orcbow.
  8312 | D:10     | 8312 ||| DROPPING +0 orcbow.
  8533 | D:10     | 8533 ||| RETREEEEATING.
  8537 | D:10     | 8537 ||| RETREEEEATING.
  8610 | D:10     | Noticed a two-headed ogre
  8610 | D:10     | Noticed a two-headed ogre
  8611 | D:10     | 8611 ||| INVOKING Finesse.
  8625 | D:10     | Killed a two-headed ogre
  8626 | D:10     | Reached skill level 9 in Fighting
  8632 | D:10     | HP: 9/71 [two-headed ogre/+0 giant club (13)]
  8633 | D:10     | 8633 ||| READING scroll of teleportation.
  8635 | D:10     | Killed a two-headed ogre
  8636 | D:10     | 8636 ||| FLEEEEING.
  8664 | D:10     | 8664 ||| FLEEEEING.
  8740 | D:10     | Found the +8 pair of quick blades "Gyre" and "Gimble"
                  | {protect}
  8805 | D:11     | 8805 ||| READING scroll of brand weapon.
  8805 | D:11     | 8805 ||| BRANDING +3 orcbow.
  8856 | D:11     | 8856 ||| FLEEEEING.
  9099 | D:11     | Found a staircase to the Lair.
  9159 | D:11     | 9159 ||| FLEEEEING.
  9194 | D:11     | Noticed a two-headed ogre
  9195 | D:11     | 9195 ||| INVOKING Finesse.
  9200 | D:11     | Killed a two-headed ogre
  9223 | D:11     | 9223 ||| FLEEEEING.
  9362 | D:11     | 9362 ||| PLANNING LAIR
  9362 | D:11     | 9362 ||| READING scroll of identify.
  9362 | D:11     | 9362 ||| IDENTIFYING green potion
  9363 | D:11     | 9363 ||| READING scroll labelled KALULOIDAER.
  9363 | D:11     | 9363 ||| ENCHANTING +3 orcbow of electrocution.
  9364 | D:11     | 9364 ||| DROPPING potion of ambrosia.
  9400 | Lair:1   | Entered Level 1 of the Lair of Beasts
  9405 | Lair:1   | Reached skill level 9 in Invocations
  9452 | Lair:1   | 9452 ||| RETREEEEATING.
  9456 | Lair:1   | 9456 ||| RETREEEEATING.
  9459 | Lair:1   | 9459 ||| RETREEEEATING.
  9461 | Lair:1   | 9461 ||| RETREEEEATING.
  9464 | Lair:1   | Reached ***** piety under Okawaru
  9492 | Lair:1   | Found a transporter.
  9498 | Lair:1   | Found a transporter.
  9548 | Lair:1   | Reached XP level 12. HP: 76/76 MP: 19/19
  9626 | Lair:1   | 9626 ||| FLEEEEING.
  9744 | Lair:1   | Reached skill level 14 in Ranged Weapons
  9780 | Lair:1   | 9780 ||| RETREEEEATING.
  9864 | Lair:1   | 9864 ||| READING scroll of brand weapon.
  9864 | Lair:1   | 9864 ||| BRANDING +4 orcbow of electrocution.
 10315 | Lair:1   | 10315 ||| UPGRADING to +6 ring of strength.
 10334 | Lair:2   | 10334 ||| STAIRDANCE
 10357 | Lair:2   | Found a sacrificial altar of Ru.
 10371 | Lair:2   | Received a gift from Okawaru
 10375 | Lair:2   | 10375 ||| RETREEEEATING.
 10377 | Lair:2   | 10377 ||| RETREEEEATING.
 10391 | Lair:2   | 10391 ||| FLEEEEING.
 10418 | Lair:2   | Found a staircase to the Swamp.
 10526 | Lair:2   | 10526 ||| RETREEEEATING.
 10527 | Lair:2   | 10527 ||| RETREEEEATING.
 10528 | Lair:2   | 10528 ||| RETREEEEATING.
 10531 | Lair:2   | 10531 ||| RETREEEEATING.
 10532 | Lair:2   | 10532 ||| RETREEEEATING.
 10533 | Lair:2   | 10533 ||| RETREEEEATING.
 10534 | Lair:2   | 10534 ||| RETREEEEATING.
 10535 | Lair:2   | 10535 ||| RETREEEEATING.
 10536 | Lair:2   | 10536 ||| RETREEEEATING.
 10537 | Lair:2   | 10537 ||| RETREEEEATING.
 10538 | Lair:2   | 10538 ||| RETREEEEATING.
 10539 | Lair:2   | 10539 ||| RETREEEEATING.
 10540 | Lair:2   | 10540 ||| RETREEEEATING.
 10541 | Lair:2   | 10541 ||| RETREEEEATING.
 10542 | Lair:2   | 10542 ||| RETREEEEATING.
 10543 | Lair:2   | 10543 ||| INVOKING Finesse.
 10618 | Lair:2   | Reached skill level 15 in Ranged Weapons
 10624 | Lair:2   | 10624 ||| RETREEEEATING.
 10958 | Lair:2   | 10958 ||| RETREEEEATING.
 10959 | Lair:2   | 10959 ||| RETREEEEATING.
 10961 | Lair:2   | 10961 ||| RETREEEEATING.
 10962 | Lair:2   | 10962 ||| RETREEEEATING.
 10963 | Lair:2   | 10963 ||| RETREEEEATING.
 10964 | Lair:2   | 10964 ||| RETREEEEATING.
 10965 | Lair:2   | 10965 ||| RETREEEEATING.
 10966 | Lair:2   | 10966 ||| RETREEEEATING.
 10967 | Lair:2   | 10967 ||| RETREEEEATING.
 10968 | Lair:2   | 10968 ||| RETREEEEATING.
 10969 | Lair:2   | 10969 ||| RETREEEEATING.
 10970 | Lair:2   | 10970 ||| RETREEEEATING.
 10971 | Lair:2   | 10971 ||| RETREEEEATING.
 10972 | Lair:2   | 10972 ||| RETREEEEATING.
 10973 | Lair:2   | 10973 ||| RETREEEEATING.
 10974 | Lair:2   | 10974 ||| INVOKING Finesse.
 10997 | Lair:2   | Received a gift from Okawaru
 11242 | Lair:2   | 11242 ||| READING scroll of identify.
 11242 | Lair:2   | 11242 ||| IDENTIFYING pink potion
 11243 | Lair:2   | 11243 ||| DRINKING 2 black potions.
 11291 | Lair:2   | 11291 ||| DRINKING 2 golden potions.
 11292 | Lair:2   | 11292 ||| DROPPING potion of lignification.
 11300 | Lair:3   | Noticed a catoblepas
 11301 | Lair:3   | 11301 ||| INVOKING Finesse.
 11310 | Lair:3   | Killed a catoblepas
 11436 | Lair:3   | Reached XP level 13. HP: 82/82 MP: 20/20
 11465 | Lair:3   | Identified the +1 kite shield of Uvyixkel {Harm +Inv rPois}
 11475 | Lair:3   | 11475 ||| RETREEEEATING.
 11476 | Lair:3   | 11476 ||| INVOKING Finesse.
 11497 | Lair:3   | Reached skill level 16 in Ranged Weapons
 11568 | Lair:3   | Found a staircase to the Snake Pit.
 11629 | Lair:3   | 11629 ||| READING scroll of enchant armour.
 11629 | Lair:3   | 11629 ||| ENCHANTING +1 pair of gloves.
 12024 | Lair:3   | 12024 ||| RETREEEEATING.
 12025 | Lair:3   | 12025 ||| RETREEEEATING.
 12026 | Lair:3   | 12026 ||| RETREEEEATING.
 12027 | Lair:3   | 12027 ||| RETREEEEATING.
 12028 | Lair:3   | 12028 ||| RETREEEEATING.
 12029 | Lair:3   | 12029 ||| RETREEEEATING.
 12030 | Lair:3   | 12030 ||| RETREEEEATING.
 12031 | Lair:3   | 12031 ||| RETREEEEATING.
 12036 | Lair:3   | 12036 ||| RETREEEEATING.
 12043 | Lair:3   | Received a gift from Okawaru
 12286 | Lair:3   | 12286 ||| READING scroll of identify.
 12286 | Lair:3   | 12286 ||| IDENTIFYING silvery potion
 12287 | Lair:3   | 12287 ||| READING scroll labelled JOSUAT TAAGU.
 12288 | Lair:3   | 12288 ||| DROPPING potion of degeneration.
 12483 | Lair:4   | Reached skill level 6 in Dodging
 12495 | Lair:4   | 12495 ||| READING scroll of enchant armour.
 12495 | Lair:4   | 12495 ||| ENCHANTING +0 cloak.
 12580 | Lair:4   | 12580 ||| RETREEEEATING.
 12581 | Lair:4   | 12581 ||| RETREEEEATING.
 12582 | Lair:4   | 12582 ||| RETREEEEATING.
 12583 | Lair:4   | 12583 ||| RETREEEEATING.
 12584 | Lair:4   | 12584 ||| RETREEEEATING.
 12585 | Lair:4   | 12585 ||| RETREEEEATING.
 12586 | Lair:4   | 12586 ||| RETREEEEATING.
 12587 | Lair:4   | 12587 ||| RETREEEEATING.
 12588 | Lair:4   | 12588 ||| RETREEEEATING.
 12589 | Lair:4   | 12589 ||| RETREEEEATING.
 12606 | Lair:4   | 12606 ||| RETREEEEATING.
 12651 | Lair:4   | Found a staircase to the Slime Pits.
 12681 | Lair:4   | 12681 ||| RETREEEEATING.
 12757 | Lair:4   | 12757 ||| RETREEEEATING.
 12762 | Lair:4   | 12762 ||| RETREEEEATING.
 12763 | Lair:4   | 12763 ||| RETREEEEATING.
 12765 | Lair:4   | 12765 ||| RETREEEEATING.
 12789 | Lair:4   | Identified the +4 war axe "Naestec" {freeze, Str+3}
 12805 | Lair:4   | Reached skill level 12 in Fighting
 12815 | Lair:4   | Received a gift from Okawaru
 12842 | Lair:4   | 12842 ||| RETREEEEATING.
 12843 | Lair:4   | 12843 ||| RETREEEEATING.
 12845 | Lair:4   | 12845 ||| RETREEEEATING.
 12846 | Lair:4   | 12846 ||| RETREEEEATING.
 12847 | Lair:4   | 12847 ||| RETREEEEATING.
 12848 | Lair:4   | 12848 ||| RETREEEEATING.
 12849 | Lair:4   | 12849 ||| RETREEEEATING.
 12851 | Lair:4   | 12851 ||| RETREEEEATING.
 12852 | Lair:4   | 12852 ||| RETREEEEATING.
 12853 | Lair:4   | 12853 ||| RETREEEEATING.
 12854 | Lair:4   | 12854 ||| RETREEEEATING.
 12859 | Lair:4   | 12859 ||| RETREEEEATING.
 12860 | Lair:4   | 12860 ||| RETREEEEATING.
 12861 | Lair:4   | 12861 ||| RETREEEEATING.
 12926 | Lair:4   | Noticed Sonja
 12929 | Lair:4   | Killed Sonja
 12930 | Lair:4   | Reached skill level 6 in Armour
 13168 | Lair:4   | 13168 ||| READING 2 scrolls of identify.
 13168 | Lair:4   | 13168 ||| IDENTIFYING scroll labelled OSTUITS ZIHI
 13169 | Lair:4   | 13169 ||| DROPPING scroll of torment.
 13170 | Lair:4   | 13170 ||| DROPPING scroll of amnesia.
 13196 | Lair:5   | Entered Level 5 of the Lair of Beasts
 13199 | Lair:5   | 13199 ||| INVOKING Finesse.
 13200 | Lair:5   | 13200 ||| RETREEEEATING.
 13201 | Lair:5   | 13201 ||| RETREEEEATING.
 13270 | Lair:5   | 13270 ||| READING scroll of acquirement.
 13270 | Lair:5   | 13270 ||| ACQUIRING -1 pair of boots of Vifuku {rN+ Regen+
                  | Slay+3}
 13270 | Lair:5   | Acquired the -1 pair of boots of Vifuku {rN+ Regen+ Slay+3}
 13272 | Lair:5   | 13272 ||| UPGRADING to -1 pair of boots of Vifuku {rN+
                  | Regen+ Slay+3}.
 13282 | Lair:5   | 13282 ||| DROPPING +2 pair of boots.
 13294 | Lair:5   | Found a runed translucent door.
 13295 | Lair:5   | Noticed Kaofid's ghost (journeyman GrEE)
 13295 | Lair:5   | Identified the +1 spear of Floods {flame, rElec}
 13335 | Lair:5   | 13335 ||| RETREEEEATING.
 13482 | Lair:5   | 13482 ||| READING scroll of enchant weapon.
 13482 | Lair:5   | 13482 ||| ENCHANTING +4 orcbow of freezing.
 13568 | Lair:5   | Identified the +0 pair of boots of Valiance {MP+9}
 13570 | Lair:5   | 13570 ||| DROPPING +0 pair of boots of Valiance {MP+9}.
 13645 | Lair:5   | Gained mutation: Your large and strong wings let you fly.
                  | [Gargoyle growth]
 13645 | Lair:5   | Reached XP level 14. HP: 94/94 MP: 21/21
 13861 | Lair:5   | 13861 ||| RETREEEEATING.
 13891 | Lair:5   | Reached ****** piety under Okawaru
 13892 | Lair:5   | 13892 ||| FLEEEEING.
 13913 | Lair:5   | 13913 ||| INVOKING Receive Weapon.
 13913 | Lair:5   | 13913 ||| ACQUIRING +5 hand cannon of Voola {drain, Fly rC+
                  | MP+9}
 13913 | Lair:5   | Acquired the +5 hand cannon of Voola {drain, Fly rC+ MP+9}
 13913 | Lair:5   | Received a gift from Okawaru
 13914 | Lair:5   | 13914 ||| INVOKING Receive Armour.
 13914 | Lair:5   | 13914 ||| ACQUIRING +2 pair of boots "Duheimawn" {rElec rC+
                  | Dex+8 Stlth-}
 13914 | Lair:5   | Acquired the +2 pair of boots "Duheimawn" {rElec rC+ Dex+8
                  | Stlth-}
 13914 | Lair:5   | Received a gift from Okawaru
 13916 | Lair:5   | 13916 ||| SWAPPING to +5 hand cannon of Voola {drain, Fly
                  | rC+ MP+9}.
 13917 | Lair:5   | 13917 ||| FLEEEEING.
 13958 | Lair:5   | 13958 ||| UPGRADING to +2 pair of boots "Duheimawn" {rElec
                  | rC+ Dex+8 Stlth-}.
 13968 | Lair:5   | 13968 ||| DROPPING -1 pair of boots of Vifuku {rN+ Regen+
                  | Slay+3}.
 13969 | Lair:5   | 13969 ||| DROPPING +5 orcbow of freezing.
 13986 | Lair:5   | Received a gift from Okawaru
 14002 | Lair:5   | 14002 ||| RETREEEEATING.
 14139 | Lair:5   | 14139 ||| PLANNING D
 14236 | D:12     | 14236 ||| RETREEEEATING.
 14237 | D:12     | 14237 ||| RETREEEEATING.
 14238 | D:12     | 14238 ||| INVOKING Finesse.
 14533 | D:12     | Noticed Frances
 14534 | D:12     | 14534 ||| INVOKING Finesse.
 14538 | D:12     | Killed Frances
 14736 | D:12     | Received a gift from Okawaru
 14965 | D:13     | Reached skill level 17 in Ranged Weapons
 15511 | D:14     | 15511 ||| FLEEEEING.
 15516 | D:14     | 15516 ||| STAIRDANCE
 15547 | D:14     | Noticed a tengu reaver
 15551 | D:14     | Found a runed translucent door.
 15553 | D:14     | Identified the ring of Kechunge {Fly rPois Will+ Str-5
                  | Dex+3}
 15667 | D:14     | 15667 ||| INVOKING Finesse.
 15668 | D:14     | 15668 ||| INVOKING Heroism.
 15796 | D:14     | 15796 ||| FLEEEEING.
 15830 | D:14     | 15830 ||| RETREEEEATING.
 15834 | D:14     | 15834 ||| INVOKING Finesse.
 15853 | D:14     | Received a gift from Okawaru
 15947 | D:14     | 15947 ||| FLEEEEING.
 15948 | D:14     | 15948 ||| FLEEEEING.
 15994 | D:14     | Found a gate to the Vaults.
 16136 | D:14     | 16136 ||| UPGRADING to ring of see invisible.
 16191 | D:15     | Entered Level 15 of the Dungeon
 16192 | D:15     | 16192 ||| RETREEEEATING.
 16193 | D:15     | 16193 ||| RETREEEEATING.
 16194 | D:15     | 16194 ||| RETREEEEATING.
 16195 | D:15     | 16195 ||| RETREEEEATING.
 16251 | D:15     | 16251 ||| STAIRDANCE
 16253 | D:14     | 16253 ||| RETREEEEATING.
 16254 | D:14     | 16254 ||| RETREEEEATING.
 16255 | D:14     | 16255 ||| RETREEEEATING.
 16438 | D:15     | Reached skill level 18 in Ranged Weapons
 16438 | D:15     | Reached XP level 15. HP: 100/100 MP: 22/22
 16513 | D:15     | 16513 ||| FLEEEEING.
 16541 | D:15     | Found a staircase to the Depths.
 16596 | D:15     | 16596 ||| RETREEEEATING.
 16597 | D:15     | 16597 ||| RETREEEEATING.
 16598 | D:15     | 16598 ||| RETREEEEATING.
 16599 | D:15     | 16599 ||| RETREEEEATING.
 16600 | D:15     | 16600 ||| RETREEEEATING.
 16601 | D:15     | 16601 ||| RETREEEEATING.
 16602 | D:15     | 16602 ||| RETREEEEATING.
 16603 | D:15     | 16603 ||| RETREEEEATING.
 16604 | D:15     | 16604 ||| RETREEEEATING.
 16605 | D:15     | 16605 ||| RETREEEEATING.
 16606 | D:15     | 16606 ||| RETREEEEATING.
 16607 | D:15     | 16607 ||| RETREEEEATING.
 16608 | D:15     | 16608 ||| RETREEEEATING.
 16609 | D:15     | 16609 ||| RETREEEEATING.
 16610 | D:15     | 16610 ||| RETREEEEATING.
 16611 | D:15     | 16611 ||| RETREEEEATING.
 16612 | D:15     | 16612 ||| RETREEEEATING.
 16616 | D:15     | 16616 ||| READING 3 scrolls of teleportation.
 16617 | D:15     | 16617 ||| FLEEEEING.
 16618 | D:15     | 16618 ||| FLEEEEING.
 16793 | D:15     | 16793 ||| RETREEEEATING.
 16796 | D:15     | 16796 ||| INVOKING Finesse.
 16801 | D:15     | Reached skill level 9 in Dodging
 16866 | D:15     | Found Assipattle's Dragon-Slaying Spoils.
 16873 | D:15     | 16873 ||| BUYING quicksilver dragon scales (900 gold).
 16873 | D:15     | Bought quicksilver dragon scales for 900 gold pieces
 17127 | D:15     | 17127 ||| PLANNING ORC
 17127 | D:15     | 17127 ||| UPGRADING to scarf of repulsion.
 17137 | D:15     | 17137 ||| UPGRADING to quicksilver dragon scales.
 17147 | D:15     | 17147 ||| DROPPING +0 troll leather armour.
 17275 | Orc:1    | Entered Level 1 of the Orcish Mines
 17276 | Orc:1    | 17276 ||| STAIRDANCE
 17281 | Orc:1    | 17281 ||| STAIRDANCE
 17291 | D:9      | Received a gift from Okawaru
 17407 | Orc:1    | 17407 ||| STAIRDANCE
 17419 | D:9      | 17419 ||| FLEEEEING.
 17558 | Orc:1    | 17558 ||| FLEEEEING.
 17787 | Orc:2    | Entered Level 2 of the Orcish Mines
 17831 | Orc:2    | 17831 ||| FLEEEEING.
 17945 | Orc:2    | 17945 ||| RETREEEEATING.
 17947 | Orc:2    | Paralysed by an ogre mage for 2 turns
 17949 | Orc:2    | 17949 ||| RETREEEEATING.
 17950 | Orc:2    | 17950 ||| RETREEEEATING.
 17951 | Orc:2    | 17951 ||| RETREEEEATING.
 17953 | Orc:2    | 17953 ||| RETREEEEATING.
 17961 | Orc:2    | 17961 ||| ZAPPING wand of acid (11) at 1,2 (two-headed
                  | ogre; floor).
 17962 | Orc:2    | 17962 ||| RETREEEEATING.
 17963 | Orc:2    | 17963 ||| RETREEEEATING.
 17964 | Orc:2    | 17964 ||| RETREEEEATING.
 17965 | Orc:2    | 17965 ||| RETREEEEATING.
 17966 | Orc:2    | 17966 ||| RETREEEEATING.
 17967 | Orc:2    | 17967 ||| RETREEEEATING.
 17968 | Orc:2    | 17968 ||| RETREEEEATING.
 17969 | Orc:2    | 17969 ||| INVOKING Finesse.
 17983 | Orc:2    | Reached skill level 9 in Armour
 18130 | Orc:2    | Found a staircase to the Elven Halls.
 18213 | Orc:1    | Noticed Snorg
 18223 | Orc:1    | Killed Snorg
 18468 | Orc:2    | Received a gift from Okawaru
 18471 | Orc:2    | 18471 ||| RETREEEEATING.
 18472 | Orc:2    | 18472 ||| ZAPPING wand of acid (10) at -2,0 (orc sorcerer;
                  | floor).
 18473 | Orc:2    | 18473 ||| INVOKING Finesse.
 18527 | Orc:2    | 18527 ||| FLEEEEING.
 18679 | Orc:2    | Found Xamodor's Assorted Antiques.
 18684 | Orc:2    | Found Noir's Armour Boutique.
 18688 | Orc:2    | 18688 ||| BUYING embroidered robe (107 gold).
 18688 | Orc:2    | Bought an embroidered robe for 107 gold pieces
 18688 | Orc:2    | 18688 ||| BUYING scroll of teleportation (87 gold).
 18688 | Orc:2    | Bought a scroll of teleportation for 87 gold pieces
 18691 | Orc:2    | Found Wuotwe's General Store.
 18693 | Orc:2    | Found Lofykod's Book Shoppe.
 18699 | Orc:2    | 18699 ||| BUYING potion of mutation (112 gold).
 18699 | Orc:2    | Bought a potion of mutation for 112 gold pieces
 18699 | Orc:2    | 18699 ||| BUYING scroll of identify (28 gold).
 18699 | Orc:2    | Bought a scroll of identify for 28 gold pieces
 18847 | Orc:2    | 18847 ||| PLANNING SWAMP:1-3
 18847 | Orc:2    | 18847 ||| DROPPING +2 robe of willpower.
 19000 | Swamp:1  | Entered Level 1 of the Swamp
 19004 | Swamp:1  | Identified the +1 broad axe of Geivy {flame, rElec rC- rN+
                  | Int+3}
 19622 | Swamp:2  | 19622 ||| STAIRDANCE
 19627 | Swamp:1  | Reached skill level 19 in Ranged Weapons
 19640 | Swamp:2  | 19640 ||| STAIRDANCE
 19647 | Swamp:1  | 19647 ||| FLEEEEING.
 19841 | Swamp:2  | Received a gift from Okawaru
 19855 | Swamp:2  | Reached XP level 16. HP: 39/106 MP: 23/23
 19859 | Swamp:2  | 19859 ||| FLEEEEING.
 19860 | Swamp:2  | 19860 ||| FLEEEEING.
 19868 | Swamp:2  | HP: 20/106 [tyrant leech (17)]
 19869 | Swamp:2  | 19869 ||| READING 3 scrolls of teleportation.
 19870 | Swamp:2  | 19870 ||| DRINKING 3 potions of heal wounds.
 19881 | Swamp:2  | HP: 25/106 [spriggan rider/+0 spear[a spriggan druid] (14)]
 19882 | Swamp:2  | 19882 ||| READING 2 scrolls of teleportation.
 19883 | Swamp:2  | 19883 ||| DRINKING 2 potions of heal wounds.
 19919 | Swamp:2  | 19919 ||| FLEEEEING.
 20234 | Swamp:2  | 20234 ||| FLEEEEING.
 20355 | Swamp:2  | 20355 ||| READING 6 scrolls of identify.
 20355 | Swamp:2  | 20355 ||| IDENTIFYING puce potion
 20356 | Swamp:2  | 20356 ||| DROPPING potion of invisibility.
 20367 | Swamp:3  | 20367 ||| STAIRDANCE
 20388 | Swamp:3  | 20388 ||| STAIRDANCE
 20390 | Swamp:2  | 20390 ||| FLEEEEING.
 20394 | Swamp:2  | 20394 ||| STAIRDANCE
 20563 | Swamp:3  | 20563 ||| STAIRDANCE
 20567 | Swamp:2  | Received a gift from Okawaru
 20568 | Swamp:2  | 20568 ||| FLEEEEING.
 20572 | Swamp:2  | 20572 ||| STAIRDANCE
 20638 | Swamp:3  | 20638 ||| STAIRDANCE
 20644 | Swamp:2  | 20644 ||| FLEEEEING.
 20648 | Swamp:2  | 20648 ||| STAIRDANCE
 20690 | Swamp:3  | 20690 ||| STAIRDANCE
 20725 | Swamp:3  | Found a runed translucent gate.
 20729 | Swamp:3  | Noticed a tentacled monstrosity
 20730 | Swamp:3  | 20730 ||| INVOKING Finesse.
 20738 | Swamp:3  | Killed a tentacled monstrosity
 20739 | Swamp:3  | Reached skill level 20 in Ranged Weapons
 20749 | Swamp:3  | 20749 ||| RETREEEEATING.
 20751 | Swamp:3  | Noticed esper6's ghost (journeyman GnNe)
 20768 | Swamp:3  | 20768 ||| INVOKING Heroism.
 20805 | Swamp:3  | Noticed a fenstrider witch
 20894 | Swamp:3  | Paralysed by a fenstrider witch for 5 turns
 20899 | Swamp:3  | 20899 ||| RETREEEEATING.
 20900 | Swamp:3  | 20900 ||| INVOKING Finesse.
 20905 | Swamp:3  | Killed a fenstrider witch
 20905 | Swamp:3  | Received a gift from Okawaru
 20947 | Swamp:3  | Noticed a fenstrider witch
 20948 | Swamp:3  | 20948 ||| INVOKING Finesse.
 20958 | Swamp:3  | Killed a fenstrider witch
 21043 | Swamp:3  | 21043 ||| FLEEEEING.
 21079 | Swamp:3  | 21079 ||| FLEEEEING.
 21180 | Swamp:3  | 21180 ||| FLEEEEING.
 21307 | Swamp:3  | Received a gift from Okawaru
 21322 | Swamp:3  | Reached skill level 21 in Ranged Weapons
 21322 | Swamp:3  | 21322 ||| FLEEEEING.
 21329 | Swamp:3  | 21329 ||| STAIRDANCE
 21764 | Swamp:3  | Found a runed translucent gate.
 21764 | Swamp:3  | Found a runed translucent gate.
 22067 | Swamp:3  | 22067 ||| PLANNING SNAKE:1-3
 22177 | Snake:1  | Entered Level 1 of the Snake Pit
 22236 | Snake:1  | 22236 ||| FLEEEEING.
 22237 | Snake:1  | 22237 ||| FLEEEEING.
 22251 | Snake:1  | 22251 ||| FLEEEEING.
 22320 | Snake:1  | Noticed Kirke
 22321 | Snake:1  | 22321 ||| INVOKING Finesse.
 22331 | Snake:1  | Killed Kirke
 22454 | Snake:1  | Reached skill level 12 in Armour
 22532 | Snake:1  | Found Ikinnu's Book Shop.
 22609 | Snake:1  | 22609 ||| ZAPPING wand of acid (25) at -5,2 (naga mage;
                  | floor).
 22610 | Snake:1  | 22610 ||| RETREEEEATING.
 22611 | Snake:1  | 22611 ||| RETREEEEATING.
 22612 | Snake:1  | 22612 ||| RETREEEEATING.
 22613 | Snake:1  | 22613 ||| RETREEEEATING.
 22614 | Snake:1  | 22614 ||| RETREEEEATING.
 22615 | Snake:1  | 22615 ||| ZAPPING wand of acid (24) at -3,5 (naga mage;
                  | floor).
 22616 | Snake:1  | 22616 ||| ZAPPING wand of acid (23) at -3,4 (naga mage;
                  | floor).
 22617 | Snake:1  | 22617 ||| INVOKING Finesse.
 22618 | Snake:1  | Received a gift from Okawaru
 22732 | Snake:1  | 22732 ||| RETREEEEATING.
 22739 | Snake:1  | Identified the +5 rapier of Vucoq {vamp, *Rage rElec Will++
                  | Str+3}
 22747 | Snake:1  | Reached XP level 17. HP: 112/112 MP: 24/24
 23412 | Snake:1  | Reached skill level 15 in Fighting
 23467 | Snake:1  | 23467 ||| READING 7 scrolls of identify.
 23467 | Snake:1  | 23467 ||| IDENTIFYING 2 fizzy black potions
 23516 | Snake:2  | 23516 ||| INVOKING Finesse.
 23589 | Snake:2  | 23589 ||| INVOKING Finesse.
 23905 | Snake:2  | 23905 ||| FLEEEEING.
 23978 | Snake:2  | 23978 ||| RETREEEEATING.
 23980 | Snake:2  | 23980 ||| RETREEEEATING.
 23988 | Snake:2  | 23988 ||| INVOKING Finesse.
 24025 | Snake:2  | Received a gift from Okawaru
 24042 | Snake:2  | 24042 ||| INVOKING Finesse.
 24066 | Snake:2  | Reached skill level 22 in Ranged Weapons
 24125 | Snake:2  | 24125 ||| ZAPPING wand of acid (22) at -5,-4 (naga warrior;
                  | floor).
 24126 | Snake:2  | 24126 ||| ZAPPING wand of acid (21) at -4,-3 (naga warrior;
                  | floor).
 24127 | Snake:2  | 24127 ||| RETREEEEATING.
 24131 | Snake:2  | 24131 ||| INVOKING Finesse.
 24267 | Snake:2  | You are sucked into a shaft and drop 1 floor!
 24268 | Snake:3  | 24268 ||| INVOKING Finesse.
 24281 | Snake:3  | HP: 19/113 [salamander/+0 halberd (12)]
 24282 | Snake:3  | 24282 ||| READING 3 scrolls of teleportation.
 24283 | Snake:3  | 24283 ||| DRINKING 2 potions of heal wounds.
 24285 | Snake:3  | 24285 ||| DRINKING potion of heal wounds.
 24296 | Snake:3  | 24296 ||| FLEEEEING.
 24301 | Snake:3  | 24301 ||| STAIRDANCE
 24563 | Snake:2  | 24563 ||| RETREEEEATING.
 24567 | Snake:2  | 24567 ||| RETREEEEATING.
 24571 | Snake:2  | 24571 ||| RETREEEEATING.
 24576 | Snake:2  | 24576 ||| INVOKING Finesse.
 24882 | Snake:3  | 24882 ||| INVOKING Finesse.
 24971 | Snake:3  | 24971 ||| ZAPPING wand of acid (20) at 1,-5 (naga
                  | sharpshooter; floor).
 24972 | Snake:3  | 24972 ||| INVOKING Finesse.
 25063 | Snake:3  | Noticed Nikola
 25064 | Snake:3  | 25064 ||| INVOKING Finesse.
 25072 | Snake:3  | Killed Nikola
 25144 | Snake:3  | 25144 ||| ZAPPING wand of acid (19) at 0,5 (naga mage;
                  | floor).
 25145 | Snake:3  | 25145 ||| ZAPPING wand of acid (18) at 0,3 (naga mage;
                  | floor).
 25146 | Snake:3  | 25146 ||| ZAPPING wand of acid (17) at 0,2 (naga mage;
                  | floor).
 25281 | Snake:3  | Found a stormy altar of Qazlal.
 25362 | Snake:3  | 25362 ||| INVOKING Finesse.
 25473 | Snake:3  | Noticed Jorgrun
 25474 | Snake:3  | 25474 ||| INVOKING Finesse.
 25490 | Snake:3  | HP: 25/113 [constriction (6)]
 25491 | Snake:3  | 25491 ||| READING 2 scrolls of teleportation.
 25492 | Snake:3  | Killed Jorgrun
 25493 | Snake:3  | 25493 ||| STAIRDANCE
 25495 | Snake:2  | 25495 ||| FLEEEEING.
 25503 | Snake:2  | 25503 ||| STAIRDANCE
 25882 | Snake:3  | 25882 ||| PLANNING SWAMP:4
 26055 | Swamp:4  | Entered Level 4 of the Swamp
 26060 | Swamp:4  | Noticed Bai Suzhen
 26061 | Swamp:4  | 26061 ||| INVOKING Finesse.
 26073 | Swamp:4  | Killed Bai Suzhen
 26074 | Swamp:4  | Reached XP level 18. HP: 119/119 MP: 25/25
 26207 | Swamp:4  | 26207 ||| RETREEEEATING.
 26208 | Swamp:4  | 26208 ||| RETREEEEATING.
 26209 | Swamp:4  | 26209 ||| RETREEEEATING.
 26210 | Swamp:4  | 26210 ||| RETREEEEATING.
 26211 | Swamp:4  | 26211 ||| RETREEEEATING.
 26212 | Swamp:4  | 26212 ||| RETREEEEATING.
 26213 | Swamp:4  | 26213 ||| RETREEEEATING.
 26214 | Swamp:4  | 26214 ||| RETREEEEATING.
 26215 | Swamp:4  | 26215 ||| RETREEEEATING.
 26216 | Swamp:4  | 26216 ||| RETREEEEATING.
 26217 | Swamp:4  | 26217 ||| RETREEEEATING.
 26219 | Swamp:4  | 26219 ||| RETREEEEATING.
 26220 | Swamp:4  | 26220 ||| RETREEEEATING.
 26221 | Swamp:4  | 26221 ||| RETREEEEATING.
 26222 | Swamp:4  | 26222 ||| RETREEEEATING.
 26229 | Swamp:4  | Received a gift from Okawaru
 26230 | Swamp:4  | Reached skill level 23 in Ranged Weapons
 26233 | Swamp:4  | 26233 ||| INVOKING Finesse.
 26599 | Swamp:4  | 26599 ||| FLEEEEING.
 26804 | Swamp:4  | Got a decaying rune of Zot
 26824 | Swamp:4  | 26824 ||| RETREEEEATING.
 26825 | Swamp:4  | 26825 ||| RETREEEEATING.
 26827 | Swamp:4  | 26827 ||| INVOKING Finesse.
 26913 | Swamp:4  | 26913 ||| PLANNING VAULTS:1-4
 27214 | Vaults:1 | Entered Level 1 of the Vaults
 27214 | Vaults:1 | Found Doyrph's Antique Weapon Shop.
 27234 | Vaults:1 | Found Ihudgh's Book Shoppe.
 27235 | Vaults:1 | Found Wafoti's Antique Weapon Boutique.
 27251 | Vaults:1 | 27251 ||| RETREEEEATING.
 27252 | Vaults:1 | 27252 ||| RETREEEEATING.
 27253 | Vaults:1 | 27253 ||| RETREEEEATING.
 27254 | Vaults:1 | 27254 ||| RETREEEEATING.
 27256 | Vaults:1 | 27256 ||| INVOKING Finesse.
 27428 | Vaults:1 | 27428 ||| RETREEEEATING.
 27432 | Vaults:1 | 27432 ||| RETREEEEATING.
 27433 | Vaults:1 | 27433 ||| INVOKING Finesse.
 27486 | Vaults:1 | Received a gift from Okawaru
 27582 | Vaults:1 | Found Jurcheoch's Antique Armour Emporium.
 27589 | Vaults:1 | 27589 ||| BUYING crude robe (216 gold).
 27589 | Vaults:1 | Bought a crude robe for 216 gold pieces
 27589 | Vaults:1 | Identified the +2 robe "Derixt" {+Inv} (You bought it in a
                  | shop on level 1 of the Vaults)
 27589 | Vaults:1 | 27589 ||| BUYING glowing helmet (285 gold).
 27589 | Vaults:1 | Bought a glowing helmet for 285 gold pieces
 27589 | Vaults:1 | 27589 ||| BUYING steaming leather armour (266 gold).
 27589 | Vaults:1 | Bought a steaming leather armour for 266 gold pieces
 27589 | Vaults:1 | Identified the +0 leather armour of Wu Jian {rElec Dex-3
                  | Slay+4} (You bought it in a shop on level 1 of the Vaults)
 27636 | Vaults:1 | 27636 ||| RETREEEEATING.
 27722 | Vaults:1 | 27722 ||| RETREEEEATING.
 27725 | Vaults:1 | 27725 ||| RETREEEEATING.
 27726 | Vaults:1 | 27726 ||| RETREEEEATING.
 27727 | Vaults:1 | 27727 ||| RETREEEEATING.
 27728 | Vaults:1 | 27728 ||| RETREEEEATING.
 27729 | Vaults:1 | 27729 ||| RETREEEEATING.
 27730 | Vaults:1 | 27730 ||| RETREEEEATING.
 27731 | Vaults:1 | 27731 ||| RETREEEEATING.
 27732 | Vaults:1 | 27732 ||| RETREEEEATING.
 27733 | Vaults:1 | 27733 ||| RETREEEEATING.
 27734 | Vaults:1 | 27734 ||| RETREEEEATING.
 27736 | Vaults:1 | 27736 ||| RETREEEEATING.
 27744 | Vaults:1 | 27744 ||| RETREEEEATING.
 27745 | Vaults:1 | 27745 ||| RETREEEEATING.
 27761 | Vaults:1 | 27761 ||| FLEEEEING.
 27929 | Vaults:1 | 27929 ||| RETREEEEATING.
 27933 | Vaults:1 | 27933 ||| RETREEEEATING.
 27972 | Vaults:1 | HP: 28/120 [ironbound frostheart (5)]
 27973 | Vaults:1 | 27973 ||| READING 2 scrolls of teleportation.
 27973 | Vaults:1 | HP: 13/120 [ironbound frostheart (7)]
 27974 | Vaults:1 | 27974 ||| DRINKING potion of heal wounds.
 27977 | Vaults:1 | 27977 ||| FLEEEEING.
 27981 | Vaults:1 | 27981 ||| READING scroll of teleportation.
 28002 | Vaults:1 | Reached skill level 24 in Ranged Weapons
 28002 | Vaults:1 | 28002 ||| FLEEEEING.
 28025 | Vaults:1 | 28025 ||| FLEEEEING.
 28058 | Vaults:1 | 28058 ||| FLEEEEING.
 28066 | Vaults:1 | 28066 ||| STAIRDANCE
 28235 | D:14     | 28235 ||| DROPPING +2 robe "Derixt" {+Inv}.
 28236 | D:14     | 28236 ||| DROPPING +0 leather armour of Wu Jian {rElec
                  | Dex-3 Slay+4}.
 28361 | Vaults:1 | 28361 ||| RETREEEEATING.
 28367 | Vaults:1 | 28367 ||| RETREEEEATING.
 28369 | Vaults:1 | 28369 ||| FLEEEEING.
 28370 | Vaults:1 | 28370 ||| FLEEEEING.
 28371 | Vaults:1 | 28371 ||| FLEEEEING.
 28372 | Vaults:1 | 28372 ||| FLEEEEING.
 28375 | Vaults:1 | 28375 ||| INVOKING Finesse.
 28382 | Vaults:1 | Received a gift from Okawaru
 28394 | Vaults:1 | Reached XP level 19. HP: 99/127 MP: 26/26
 29130 | Vaults:2 | 29130 ||| STAIRDANCE
 29135 | Vaults:2 | 29135 ||| STAIRDANCE
 29185 | Vaults:2 | 29185 ||| FLEEEEING.
 29188 | Vaults:2 | 29188 ||| STAIRDANCE
 29265 | Vaults:2 | 29265 ||| FLEEEEING.
 29272 | Vaults:2 | 29272 ||| STAIRDANCE
 29375 | Vaults:1 | 29375 ||| FLEEEEING.
 29531 | Vaults:2 | 29531 ||| FLEEEEING.
 29537 | Vaults:2 | Found a transporter.
 29571 | Vaults:2 | Found Cutoyvyc's Magic Scroll Shoppe.
 29628 | Vaults:2 | 29628 ||| INVOKING Finesse.
 29642 | Vaults:2 | Received a gift from Okawaru
 29728 | Vaults:2 | 29728 ||| FLEEEEING.
 29729 | Vaults:2 | 29729 ||| FLEEEEING.
 29730 | Vaults:2 | 29730 ||| FLEEEEING.
 29731 | Vaults:2 | 29731 ||| FLEEEEING.
 29732 | Vaults:2 | 29732 ||| FLEEEEING.
 29733 | Vaults:2 | 29733 ||| FLEEEEING.
 29734 | Vaults:2 | 29734 ||| FLEEEEING.
 29735 | Vaults:2 | 29735 ||| FLEEEEING.
 29741 | Vaults:2 | 29741 ||| FLEEEEING.
 29742 | Vaults:2 | 29742 ||| FLEEEEING.
 29743 | Vaults:2 | 29743 ||| FLEEEEING.
 29744 | Vaults:2 | 29744 ||| FLEEEEING.
 29745 | Vaults:2 | 29745 ||| FLEEEEING.
 29746 | Vaults:2 | 29746 ||| FLEEEEING.
 29747 | Vaults:2 | 29747 ||| FLEEEEING.
 29748 | Vaults:2 | 29748 ||| FLEEEEING.
 29751 | Vaults:2 | 29751 ||| STAIRDANCE
 29867 | Vaults:2 | 29867 ||| STAIRDANCE
 29869 | Vaults:1 | 29869 ||| FLEEEEING.
 30000 | Vaults:2 | You are sucked into a shaft and drop 1 floor!
 30041 | Vaults:3 | 30041 ||| INVOKING Finesse.
 30156 | Vaults:3 | 30156 ||| INVOKING Finesse.
 30423 | Vaults:2 | 30423 ||| INVOKING Finesse.
 30532 | Vaults:2 | 30532 ||| INVOKING Finesse.
 30584 | Vaults:2 | Found a staircase to the Crypt.
 30634 | Vaults:2 | Found a transporter.
 30954 | Vaults:2 | Received a gift from Okawaru
 30959 | Vaults:2 | 30959 ||| FLEEEEING.
 30963 | Vaults:2 | 30963 ||| STAIRDANCE
 31204 | Vaults:3 | 31204 ||| FLEEEEING.
 31373 | Vaults:3 | 31373 ||| INVOKING Finesse.
 31377 | Vaults:3 | Reached skill level 18 in Fighting
 31447 | Vaults:3 | 31447 ||| FLEEEEING.
 31448 | Vaults:3 | 31448 ||| FLEEEEING.
 31449 | Vaults:3 | 31449 ||| FLEEEEING.
 31450 | Vaults:3 | 31450 ||| FLEEEEING.
 31451 | Vaults:3 | 31451 ||| FLEEEEING.
 31452 | Vaults:3 | 31452 ||| FLEEEEING.
 31453 | Vaults:3 | 31453 ||| FLEEEEING.
 31454 | Vaults:3 | 31454 ||| FLEEEEING.
 31458 | Vaults:3 | 31458 ||| FLEEEEING.
 31459 | Vaults:3 | 31459 ||| FLEEEEING.
 31460 | Vaults:3 | 31460 ||| FLEEEEING.
 31461 | Vaults:3 | 31461 ||| FLEEEEING.
 31462 | Vaults:3 | 31462 ||| FLEEEEING.
 31463 | Vaults:3 | 31463 ||| FLEEEEING.
 31464 | Vaults:3 | 31464 ||| FLEEEEING.
 31465 | Vaults:3 | 31465 ||| FLEEEEING.
 31466 | Vaults:3 | 31466 ||| FLEEEEING.
 31467 | Vaults:3 | 31467 ||| FLEEEEING.
 31468 | Vaults:3 | 31468 ||| FLEEEEING.
 31469 | Vaults:3 | 31469 ||| FLEEEEING.
 31470 | Vaults:3 | 31470 ||| FLEEEEING.
 31471 | Vaults:3 | 31471 ||| FLEEEEING.
 31472 | Vaults:3 | 31472 ||| FLEEEEING.
 31473 | Vaults:3 | 31473 ||| FLEEEEING.
 31474 | Vaults:3 | 31474 ||| FLEEEEING.
 31480 | Vaults:3 | 31480 ||| FLEEEEING.
 31481 | Vaults:3 | 31481 ||| FLEEEEING.
 31482 | Vaults:3 | 31482 ||| FLEEEEING.
 31483 | Vaults:3 | 31483 ||| FLEEEEING.
 31484 | Vaults:3 | 31484 ||| FLEEEEING.
 31485 | Vaults:3 | 31485 ||| FLEEEEING.
 31486 | Vaults:3 | 31486 ||| FLEEEEING.
 31487 | Vaults:3 | 31487 ||| FLEEEEING.
 31488 | Vaults:3 | 31488 ||| FLEEEEING.
 31489 | Vaults:3 | 31489 ||| FLEEEEING.
 31490 | Vaults:3 | 31490 ||| FLEEEEING.
 31491 | Vaults:3 | 31491 ||| FLEEEEING.
 31492 | Vaults:3 | 31492 ||| FLEEEEING.
 31493 | Vaults:3 | 31493 ||| FLEEEEING.
 31494 | Vaults:3 | 31494 ||| FLEEEEING.
 31506 | Vaults:3 | 31506 ||| FLEEEEING.
 31666 | Vaults:3 | Found Rakerisch's Distillery.
 31676 | Vaults:3 | 31676 ||| BUYING 2 potions of cancellation (320 gold).
 31676 | Vaults:3 | Bought 2 potions of cancellation for 320 gold pieces
 31676 | Vaults:3 | 31676 ||| BUYING potion of curing (60 gold).
 31676 | Vaults:3 | Bought a potion of curing for 60 gold pieces
 31676 | Vaults:3 | 31676 ||| BUYING potion of enlightenment (100 gold).
 31676 | Vaults:3 | Bought a potion of enlightenment for 100 gold pieces
 31676 | Vaults:3 | 31676 ||| BUYING potion of heal wounds (100 gold).
 31676 | Vaults:3 | Bought a potion of heal wounds for 100 gold pieces
 31676 | Vaults:3 | 31676 ||| BUYING potion of heal wounds (100 gold).
 31676 | Vaults:3 | Bought a potion of heal wounds for 100 gold pieces
 31676 | Vaults:3 | 31676 ||| BUYING potion of might (80 gold).
 31676 | Vaults:3 | Bought a potion of might for 80 gold pieces
 31676 | Vaults:3 | 31676 ||| BUYING potion of mutation (160 gold).
 31676 | Vaults:3 | Bought a potion of mutation for 160 gold pieces
 31724 | Vaults:3 | 31724 ||| FLEEEEING.
 31771 | Vaults:3 | 31771 ||| FLEEEEING.
 32012 | Vaults:3 | Reached skill level 15 in Armour
 32014 | Vaults:3 | 32014 ||| RETREEEEATING.
 32017 | Vaults:3 | 32017 ||| RETREEEEATING.
 32018 | Vaults:3 | 32018 ||| RETREEEEATING.
 32019 | Vaults:3 | 32019 ||| FLEEEEING.
 32020 | Vaults:3 | 32020 ||| FLEEEEING.
 32021 | Vaults:3 | 32021 ||| FLEEEEING.
 32022 | Vaults:3 | 32022 ||| FLEEEEING.
 32023 | Vaults:3 | 32023 ||| FLEEEEING.
 32024 | Vaults:3 | 32024 ||| FLEEEEING.
 32025 | Vaults:3 | 32025 ||| FLEEEEING.
 32026 | Vaults:3 | 32026 ||| FLEEEEING.
 32027 | Vaults:3 | 32027 ||| FLEEEEING.
 32078 | Vaults:3 | Reached XP level 20. HP: 136/136 MP: 27/27
 32258 | Vaults:3 | 32258 ||| FLEEEEING.
 32259 | Vaults:3 | 32259 ||| FLEEEEING.
 32260 | Vaults:3 | 32260 ||| FLEEEEING.
 32261 | Vaults:3 | 32261 ||| FLEEEEING.
 32263 | Vaults:3 | 32263 ||| STAIRDANCE
 32537 | Vaults:4 | 32537 ||| RETREEEEATING.
 32538 | Vaults:4 | 32538 ||| RETREEEEATING.
 32562 | Vaults:4 | 32562 ||| FLEEEEING.
 32567 | Vaults:4 | 32567 ||| STAIRDANCE
 32813 | Vaults:4 | Reached skill level 12 in Dodging
 32860 | Vaults:4 | 32860 ||| RETREEEEATING.
 32865 | Vaults:4 | Received a gift from Okawaru
 32885 | Vaults:4 | 32885 ||| FLEEEEING.
 33063 | Vaults:4 | 33063 ||| FLEEEEING.
 33221 | Vaults:4 | 33221 ||| INVOKING Finesse.
 33365 | Vaults:4 | 33365 ||| FLEEEEING.
 33657 | Vaults:4 | Found Loryre's Antique Weapon Shoppe.
 33666 | Vaults:4 | 33666 ||| FLEEEEING.
 33668 | Vaults:4 | 33668 ||| FLEEEEING.
 33669 | Vaults:4 | 33669 ||| FLEEEEING.
 33670 | Vaults:4 | 33670 ||| FLEEEEING.
 33671 | Vaults:4 | 33671 ||| FLEEEEING.
 33672 | Vaults:4 | 33672 ||| FLEEEEING.
 33673 | Vaults:4 | 33673 ||| FLEEEEING.
 33674 | Vaults:4 | 33674 ||| FLEEEEING.
 33675 | Vaults:4 | 33675 ||| FLEEEEING.
 33676 | Vaults:4 | 33676 ||| FLEEEEING.
 33677 | Vaults:4 | 33677 ||| FLEEEEING.
 33678 | Vaults:4 | 33678 ||| FLEEEEING.
 33679 | Vaults:4 | 33679 ||| FLEEEEING.
 33680 | Vaults:4 | 33680 ||| FLEEEEING.
 33681 | Vaults:4 | 33681 ||| FLEEEEING.
 33682 | Vaults:4 | 33682 ||| FLEEEEING.
 33683 | Vaults:4 | 33683 ||| FLEEEEING.
 33688 | Vaults:4 | 33688 ||| FLEEEEING.
 33689 | Vaults:4 | 33689 ||| FLEEEEING.
 33690 | Vaults:4 | 33690 ||| FLEEEEING.
 33701 | Vaults:4 | 33701 ||| FLEEEEING.
 33702 | Vaults:4 | 33702 ||| FLEEEEING.
 33703 | Vaults:4 | 33703 ||| FLEEEEING.
 33704 | Vaults:4 | 33704 ||| FLEEEEING.
 33705 | Vaults:4 | 33705 ||| FLEEEEING.
 33706 | Vaults:4 | 33706 ||| FLEEEEING.
 33712 | Vaults:4 | 33712 ||| FLEEEEING.
 33713 | Vaults:4 | 33713 ||| FLEEEEING.
 33714 | Vaults:4 | 33714 ||| STAIRDANCE
 33733 | Vaults:4 | 33733 ||| STAIRDANCE
 33769 | Vaults:4 | 33769 ||| STAIRDANCE
 33778 | Vaults:4 | 33778 ||| STAIRDANCE
 33788 | Vaults:3 | 33788 ||| FLEEEEING.
 33931 | Vaults:4 | Paralysed by a sphinx for 3 turns
 34126 | Vaults:4 | 34126 ||| RETREEEEATING.
 34152 | Vaults:4 | Received a gift from Okawaru
 34219 | Vaults:4 | 34219 ||| RETREEEEATING.
 34226 | Vaults:4 | 34226 ||| INVOKING Finesse.
 34675 | Vaults:4 | 34675 ||| PLANNING SNAKE:4
 35023 | Snake:4  | Entered Level 4 of the Snake Pit
 35057 | Snake:4  | 35057 ||| RETREEEEATING.
 35058 | Snake:4  | 35058 ||| RETREEEEATING.
 35060 | Snake:4  | 35060 ||| RETREEEEATING.
 35061 | Snake:4  | 35061 ||| RETREEEEATING.
 35062 | Snake:4  | 35062 ||| RETREEEEATING.
 35063 | Snake:4  | 35063 ||| RETREEEEATING.
 35064 | Snake:4  | 35064 ||| RETREEEEATING.
 35065 | Snake:4  | 35065 ||| RETREEEEATING.
 35066 | Snake:4  | 35066 ||| RETREEEEATING.
 35080 | Snake:4  | 35080 ||| ZAPPING wand of acid (32) at 2,-1 (naga
                  | sharpshooter; floor).
 35081 | Snake:4  | 35081 ||| ZAPPING wand of acid (31) at 2,-1 (naga
                  | sharpshooter; floor).
 35082 | Snake:4  | 35082 ||| ZAPPING wand of acid (30) at 2,-1 (naga
                  | sharpshooter; floor).
 35083 | Snake:4  | 35083 ||| ZAPPING wand of acid (29) at 2,-1 (naga
                  | sharpshooter; floor).
 35084 | Snake:4  | 35084 ||| ZAPPING wand of acid (28) at 2,-1 (naga
                  | sharpshooter; floor).
 35088 | Snake:4  | 35088 ||| INVOKING Finesse.
 35411 | Snake:4  | 35411 ||| RETREEEEATING.
 35427 | Snake:4  | 35427 ||| FLEEEEING.
 35428 | Snake:4  | Received a gift from Okawaru
 35497 | Snake:4  | 35497 ||| RETREEEEATING.
 35498 | Snake:4  | 35498 ||| RETREEEEATING.
 35499 | Snake:4  | 35499 ||| RETREEEEATING.
 35500 | Snake:4  | 35500 ||| RETREEEEATING.
 35501 | Snake:4  | 35501 ||| RETREEEEATING.
 35504 | Snake:4  | 35504 ||| RETREEEEATING.
 35755 | Snake:4  | Found Begef's Weapon Shop.
 35845 | Snake:4  | 35845 ||| RETREEEEATING.
 35857 | Snake:4  | 35857 ||| FLEEEEING.
 35861 | Snake:4  | 35861 ||| STAIRDANCE
 36001 | Snake:4  | 36001 ||| INVOKING Finesse.
 36032 | Snake:4  | 36032 ||| INVOKING Heroism.
 36035 | Snake:4  | Reached XP level 21. HP: 75/144 MP: 28/28
 36052 | Snake:4  | HP: 32/145 [salamander tyrant (13)]
 36053 | Snake:4  | 36053 ||| READING 3 scrolls of teleportation.
 36054 | Snake:4  | 36054 ||| DRINKING 2 potions of heal wounds.
 36059 | Snake:4  | 36059 ||| FLEEEEING.
 36373 | Snake:4  | 36373 ||| FLEEEEING.
 36374 | Snake:4  | 36374 ||| FLEEEEING.
 36375 | Snake:4  | 36375 ||| FLEEEEING.
 36376 | Snake:4  | 36376 ||| FLEEEEING.
 36377 | Snake:4  | 36377 ||| FLEEEEING.
 36378 | Snake:4  | 36378 ||| FLEEEEING.
 36379 | Snake:4  | 36379 ||| FLEEEEING.
 36380 | Snake:4  | 36380 ||| FLEEEEING.
 36381 | Snake:4  | 36381 ||| FLEEEEING.
 36382 | Snake:4  | 36382 ||| FLEEEEING.
 36383 | Snake:4  | 36383 ||| FLEEEEING.
 36393 | Snake:4  | 36393 ||| FLEEEEING.
 36394 | Snake:4  | 36394 ||| FLEEEEING.
 36403 | Snake:4  | 36403 ||| STAIRDANCE
 36515 | Snake:4  | Got a serpentine rune of Zot
 36520 | Snake:4  | 36520 ||| PLANNING DEPTHS
 36854 | Depths:1 | Entered Level 1 of the Depths
 36856 | Depths:1 | 36856 ||| STAIRDANCE
 36862 | D:15     | Received a gift from Okawaru
 36883 | Depths:1 | 36883 ||| STAIRDANCE
 36885 | D:15     | 36885 ||| FLEEEEING.
 37036 | Depths:1 | Gained mutation: Your body sometimes deteriorates upon
                  | taking damage. [a cacodemon]
 37044 | Depths:1 | 37044 ||| FLEEEEING.
 37181 | Depths:1 | 37181 ||| RETREEEEATING.
 37182 | Depths:1 | 37182 ||| RETREEEEATING.
 37183 | Depths:1 | 37183 ||| RETREEEEATING.
 37184 | Depths:1 | 37184 ||| RETREEEEATING.
 37235 | Depths:1 | 37235 ||| FLEEEEING.
 37356 | Depths:1 | Found a gateway to Hell.
 37357 | Depths:1 | Found a one-way gate to the infinite horrors of the Abyss.
 37383 | Depths:1 | 37383 ||| ZAPPING wand of acid (27) at -3,-1 (spriggan air
                  | mage; floor).
 37384 | Depths:1 | 37384 ||| ZAPPING wand of acid (26) at -2,-1 (spriggan air
                  | mage; floor).
 37385 | Depths:1 | 37385 ||| INVOKING Finesse.
 37575 | Depths:1 | Found a transporter.
 37593 | Depths:1 | 37593 ||| INVOKING Finesse.
 37808 | Depths:1 | Found a one-way gate leading to the halls of Pandemonium.
 37816 | Depths:1 | 37816 ||| FLEEEEING.
 37952 | Depths:1 | Found a transporter.
 38015 | Depths:1 | 38015 ||| DROPPING ring of ice.
 38016 | Depths:1 | 38016 ||| READING 14 scrolls of identify.
 38016 | Depths:1 | 38016 ||| IDENTIFYING white potion
 38017 | Depths:1 | 38017 ||| DROPPING potion of berserk rage.
 38048 | Depths:2 | Noticed Mara
 38049 | Depths:2 | 38049 ||| INVOKING Finesse.
 38052 | Depths:2 | Noticed qw's illusion
 38059 | Depths:2 | Killed Mara
 38062 | Depths:2 | 38062 ||| STAIRDANCE
 38084 | Depths:2 | 38084 ||| STAIRDANCE
 38096 | Depths:2 | 38096 ||| STAIRDANCE
 38123 | Depths:2 | 38123 ||| STAIRDANCE
 38127 | Depths:1 | 38127 ||| INVOKING Finesse.
 38211 | Depths:2 | 38211 ||| STAIRDANCE
 38293 | Depths:2 | 38293 ||| INVOKING Finesse.
 38406 | Depths:2 | 38406 ||| INVOKING Finesse.
 38453 | Depths:2 | 38453 ||| RETREEEEATING.
 38455 | Depths:2 | 38455 ||| RETREEEEATING.
 38461 | Depths:2 | 38461 ||| RETREEEEATING.
 38464 | Depths:2 | 38464 ||| RETREEEEATING.
 38481 | Depths:2 | 38481 ||| FLEEEEING.
 38485 | Depths:2 | 38485 ||| RETREEEEATING.
 38584 | Depths:2 | 38584 ||| RETREEEEATING.
 38586 | Depths:2 | 38586 ||| RETREEEEATING.
 38588 | Depths:2 | 38588 ||| RETREEEEATING.
 38590 | Depths:2 | Identified the staff of War {^Drain rC+ Will+ Int+9 Stlth+
                  | Ice}
 38590 | Depths:2 | Identified the ring of Xom's Passing Interest {Ice rN+}
 38590 | Depths:2 | Noticed Josephina
 38591 | Depths:2 | 38591 ||| RETREEEEATING.
 38592 | Depths:2 | 38592 ||| RETREEEEATING.
 38594 | Depths:2 | 38594 ||| RETREEEEATING.
 38595 | Depths:2 | 38595 ||| RETREEEEATING.
 38596 | Depths:2 | 38596 ||| RETREEEEATING.
 38597 | Depths:2 | 38597 ||| RETREEEEATING.
 38598 | Depths:2 | 38598 ||| RETREEEEATING.
 38599 | Depths:2 | 38599 ||| RETREEEEATING.
 38600 | Depths:2 | 38600 ||| RETREEEEATING.
 38601 | Depths:2 | 38601 ||| INVOKING Finesse.
 38619 | Depths:2 | Killed Josephina
 39068 | Depths:2 | 39068 ||| RETREEEEATING.
 39069 | Depths:2 | 39069 ||| RETREEEEATING.
 39070 | Depths:2 | 39070 ||| RETREEEEATING.
 39071 | Depths:2 | 39071 ||| RETREEEEATING.
 39090 | Depths:2 | 39090 ||| FLEEEEING.
 39368 | Depths:2 | 39368 ||| FLEEEEING.
 39462 | Depths:2 | Found a burning altar of Makhleb.
 39463 | Depths:2 | 39463 ||| INVOKING Finesse.
 39464 | Depths:2 | 39464 ||| INVOKING Heroism.
 39470 | Depths:2 | 39470 ||| RETREEEEATING.
 39471 | Depths:2 | 39471 ||| RETREEEEATING.
 39472 | Depths:2 | 39472 ||| RETREEEEATING.
 39473 | Depths:2 | 39473 ||| RETREEEEATING.
 39474 | Depths:2 | 39474 ||| RETREEEEATING.
 39475 | Depths:2 | 39475 ||| RETREEEEATING.
 39476 | Depths:2 | 39476 ||| RETREEEEATING.
 39477 | Depths:2 | 39477 ||| RETREEEEATING.
 39478 | Depths:2 | 39478 ||| RETREEEEATING.
 39479 | Depths:2 | 39479 ||| RETREEEEATING.
 39481 | Depths:2 | 39481 ||| RETREEEEATING.
 39482 | Depths:2 | Noticed a bone dragon
 39482 | Depths:2 | 39482 ||| RETREEEEATING.
 39483 | Depths:2 | 39483 ||| RETREEEEATING.
 39492 | Depths:2 | 39492 ||| RETREEEEATING.
 39493 | Depths:2 | 39493 ||| RETREEEEATING.
 39494 | Depths:2 | 39494 ||| RETREEEEATING.
 39496 | Depths:2 | Killed a bone dragon
 39497 | Depths:2 | Reached skill level 21 in Fighting
 39500 | Depths:2 | 39500 ||| RETREEEEATING.
 39501 | Depths:2 | 39501 ||| ZAPPING wand of acid (30) at -1,2 (doom hound;
                  | floor).
 39502 | Depths:2 | 39502 ||| ZAPPING wand of acid (29) at 0,2 (doom hound;
                  | floor).
 39503 | Depths:2 | 39503 ||| ZAPPING wand of acid (28) at 0,2 (doom hound;
                  | floor).
 39504 | Depths:2 | 39504 ||| ZAPPING wand of acid (27) at 0,2 (doom hound;
                  | floor).
 39505 | Depths:2 | 39505 ||| DRINKING 3 potions of haste.
 39506 | Depths:2 | 39506 ||| ZAPPING wand of acid (26) at 0,2 (doom hound;
                  | floor).
 39507 | Depths:2 | 39507 ||| ZAPPING wand of acid (25) at 0,2 (doom hound;
                  | floor).
 39508 | Depths:2 | 39508 ||| ZAPPING wand of acid (24) at 0,2 (doom hound;
                  | floor).
 39509 | Depths:2 | 39509 ||| ZAPPING wand of acid (23) at 0,2 (doom hound;
                  | floor).
 39509 | Depths:2 | Noticed Grunn
 39510 | Depths:2 | 39510 ||| ZAPPING wand of acid (22) at 0,2 (doom hound;
                  | floor).
 39510 | Depths:2 | HP: 32/148 [Grunn/+7 bardiche of draining (33)]
 39511 | Depths:2 | 39511 ||| READING 3 scrolls of teleportation.
 39512 | Depths:2 | 39512 ||| DRINKING potion of heal wounds.
 39513 | Depths:2 | 39513 ||| ZAPPING wand of acid (21) at 0,2 (doom hound;
                  | floor).
 39516 | Depths:2 | 39516 ||| FLEEEEING.
 39520 | Depths:2 | 39520 ||| READING 2 scrolls of teleportation.
 39526 | Depths:2 | HP: 22/148 [Tzitzimitl[a doom hound] (6)]
 39529 | Depths:2 | 39529 ||| READING scroll of teleportation.
 39551 | Depths:2 | HP: 10/148 [spriggan air mage/the air (19)]
 39552 | Depths:2 | Killed from afar by a spriggan air mage

Levels and vault maps discovered:
D:1:      minmay_arrival_open_corners, layout_loops_cross,
          hellmonk_ecumenical_altar_zigzags
D:2:      layout_basic, serial_shops, shop_coins, basic_altar,
          wad_floor_pattern_2, chequers_serial_rivers_marsh, uniq_robin
D:3:      layout_basic, old_standard_altar, minmay_stone_trees_small,
          uniq_jessica
D:4:      layout_rooms
D:5:      layout_basic, minmay_temple_entry_overgrown, item_on_display_a
D:6:      layout_loops_corners, gammafunk_temple_overflow_pools,
          nicolae_stop_n_shop_2, mrwooster_statue_mirror,
          chequers_serial_rivers_micro_c, hangedman_abyss_or_decor_stabs,
          minmay_misc_feat_x, uniq_maggie, uniq_pikel
D:7:      layout_basic, minmay_misc_feat_five
D:8:      layout_loops_ring, serial_shops, shop, hangedman_decor_slide_cut
D:9:      layout_roguey, orc_0_dummy
D:10:     layout_basic, nicolae_trove_entry_crossroad,
          hellmonk_guarded_unrand_gyre_and_gimble, uniq_joseph
D:11:     layout_roguey, lair_entry_dummy
D:12:     layout_roguey, uniq_frances
D:13:     layout_loops_ring
D:14:     layout_roguey, david_vaults_2, nrook_mini_vaults, minmay_st_funbox
D:15:     grunt_enter_depths_hoard, layout_irregular_city, wad_floor_pattern_1,
          st_stairs_1, nicolae_shop_dragon_depot, nicolae_fountain_basement
Temple:   compressed_dpeg_triangle_lava_temple
Lair:1:   gammafunk_boulding_lane, layout_regular_city, wad_woods_road_02,
          st_stairs_7, chequers_serial_rivers_large_b,
          infiniplex_staircase_pool_2
Lair:2:   layout_chaotic_city, minmay_swamp_entry_worms, basic_altar,
          chequers_serial_rivers_micro_b, grunt_megastairs_2
Lair:3:   layout_cave_pods, minmay_snake_entry_guardpost_small,
          chequers_serial_rivers_micro_a
Lair:4:   layout_gridlike, slime_entry_1, chequers_serial_rivers_small_b,
          uniq_sonja
Lair:5:   grunt_lair_end_beastmaster, layout_misc_corridors,
          ebering_ghost_funeral_grove
Swamp:1:  layout_basic_swamp, hangedman_swamp_lotus, swamp_pool_3
Swamp:2:  layout_falls_marsh, evilmike_swamp_ruin_house_2
Swamp:3:  nzn_winding_woodlands_small [nzn_winding_woodlands_5x15_eye,
          nzn_winding_woodlands_center_garden,
          nzn_winding_woodlands_5x15_pockets], layout_basic_swamp,
          gammafunk_ghost_hydra_chop, nicolae_swamp_trees_clearing
Swamp:4:  swamp_basic_johnstein, layout_basic_swamp, uniq_bai_suzhen
Snake:1:  layout_onion_interference, serial_shops, nicolae_shop_peninsula,
          nicolae_triple_integral, uniq_kirke
Snake:2:  layout_rooms, abandoned_shop, serial_bayou_pond_e,
          nicolae_snake_ghostly_warrior_ritual, grunt_megastairs_1
Snake:3:  layout_cave_town, basic_altar, uniq_jorgrun, uniq_nikola
Snake:4:  grunt_snake_rune_serpentine_throne, layout_cave_town, minmay_shop_star
Orc:1:    layout_caves, uniq_snorg
Orc:2:    st_orc_elflike, layout_diamond_mine
Vaults:1: nicolae_vaults_storage_closets_1, nicolae_vaults_circle_grid_a,
          ontoclasm_vaults_eye, v_misc_4, nicolae_vaults_storage_room_doors,
          hangedman_vaults_nails, nicolae_vaults_offset_grid_hallway_2,
          nicolae_vaults_more_shelving_1, vaults_mumra_lcd,
          nicolae_vaults_offset_grid_hallway_1, v_pattern_5, vaults_dpeg_doors,
          v_misc_19, ontoclasm_vaults_ring_large, nicolae_vaults_rhombus_5,
          layout_vaults_omnibox, serial_shops, shop, shop,
          nicolae_shop_statue_plus, nicolae_shop_tiny_statue_garden
Vaults:2: v_misc_24, minmay_crypt_entry_nasty_monster,
          nicolae_vaults_stepped_doors, cheibrodos_frozen_isle,
          nicolae_vaults_theta, hangedman_vaults_maws, v_alt_pattern_6,
          nicolae_vaults_heart-shaped_vault, layout_vaults_maze_snakey,
          serial_shops, nicolae_shop_drivethru
Vaults:3: v_rooms_2, nicolae_vaults_lightning_bolt, vaults_room_door_ring,
          vaults_dpeg_hooks, nicolae_vaults_storage_room_water,
          nicolae_vaults_storage_closets_2, nicolae_vaults_wine_cellar,
          nicolae_vaults_trapezoid_lopsided_1, vaults_dpeg_emergency_exit,
          layout_vaults_omnigrid, serial_shops, shop
Vaults:4: nicolae_vaults_little_squares_3, v_pattern_3, hangedman_vaults_slice,
          v_misc_22, nicolae_vaults_angled_halls,
          nicolae_vaults_mini_display_case, v_misc_30, grunt_vaults_swirl,
          nicolae_vaults_tetromino_T_2, nicolae_vaults_steering_wheel,
          nicolae_vaults_diamond_2, nicolae_vaults_tetromino_Z_2,
          ontoclasm_vaults_echo, ontoclasm_vaults_ligature,
          nicolae_vaults_apartment_2, layout_vaults_omnicross, serial_shops,
          shop
Depths:1: layout_small_grid, abyss_entry, gammafunk_ghost_mausoleum,
          rand_demon_pan_entry_7, hell_entry, kennysheep_generic_room_13,
          serial_bayou_shore_b
Depths:2: regret_index_makhleb_lecture_halls, layout_basic, hell_entry,
          minmay_staircase_bubble, grunt_pan_entry_in_and_out, uniq_grunn,
          uniq_mara, uniq_josephina

Skill      XL: |  1  2  3  4  5  6  7  8  9 10 11 12 13 14 15 16 17 18 19 20 21 |
---------------+----------------------------------------------------------------+-----
Armour         | 1 3 4 5 6 7 10 12 13 15 16 17 | 17.4
Ranged Weapons | 5 6 7 8 9 11 12 13 15 16 18 19 21 22 24 | 24.0
Fighting       | 3 4 5 6 7 8 9 10 13 14 15 16 18 19 21 | 21.0
Dodging        | 2 3 4 5 7 8 9 10 11 13 14 | 14.0
Invocations    | 4 5 9 10 | 10.1
Stealth        | |  1.1

Action                     |  1- 3 |  4- 6 |  7- 9 | 10-12 | 13-15 | 16-18 | 19-21 || total
---------------------------+-------+-------+-------+-------+-------+-------+-------++-------
  Melee: Shortbow          |       |       |     1 |       |       |       |       ||     1
   Fire: Shortbow          |   104 |   113 |   254 |    43 |       |       |       ||   514
         Orcbow            |       |       |       |   869 |   474 |       |       ||  1343
         Hand cannon       |       |       |       |       |   618 |  1268 |  1527 ||  3413
 Invoke: Heroism           |       |       |     1 |       |     1 |     1 |     2 ||     5
         Finesse           |       |       |       |     9 |     9 |    23 |    18 ||    59
         Receive Weapon    |       |       |       |       |     1 |       |       ||     1
         Receive Armour    |       |       |       |       |     1 |       |       ||     1
  Evoke: Wand              |       |       |    13 |       |     2 |     9 |    17 ||    41
    Use: Scroll            |     5 |     4 |     8 |    11 |     8 |     8 |     5 ||    49
         Potion            |     3 |       |     4 |     2 |       |     5 |     3 ||    17
 Armour: Leather armour    |    11 |       |       |       |       |       |       ||    11
         Ring mail         |   120 |    63 |   218 |   153 |       |       |       ||   554
         Troll leather arm |       |       |       |   164 |   147 |       |       ||   311
         Quicksilver drago |       |       |       |       |   133 |   531 |   617 ||  1281
  Dodge: Dodged            |    94 |    56 |   135 |   195 |   345 |   507 |   824 ||  2156
         Repelled          |       |       |       |       |     2 |    25 |    24 ||    51
  Block: Other             |       |       |    54 |    88 |   107 |   133 |   179 ||   561
         Reflection        |       |       |     1 |    10 |    11 |    16 |    22 ||    60

Table legend:
 A = Non-vault XP
 B = Vault XP
 C = Vault XP percentage of total XP
 D = Non-vault monster count
 E = Vault monster count
 F = Vault count percentage of total count
                 A         B        C        D         E       F
            +---------+---------+-------+---------+---------+-------
      Total |  364176 |  221995 |  37.9 |     961 |     329 |  25.5
            +---------+---------+-------+---------+---------+-------
        D:1 |      29 |      21 |  42.0 |      15 |      11 |  42.3
        D:2 |      33 |      15 |  31.2 |      19 |       1 |   5.0
        D:3 |      39 |      37 |  48.7 |      15 |       1 |   6.2
        D:4 |     413 |       0 |   0.0 |      19 |       0 |   0.0
        D:5 |     713 |       0 |   0.0 |      26 |       0 |   0.0
        D:6 |     393 |     996 |  71.7 |       6 |       2 |  25.0
        D:7 |    1962 |       0 |   0.0 |      35 |       0 |   0.0
        D:8 |    1984 |       0 |   0.0 |      28 |       0 |   0.0
        D:9 |    2583 |       0 |   0.0 |      27 |       0 |   0.0
       D:10 |    3294 |    2303 |  41.1 |      25 |       4 |  13.8
       D:11 |    1635 |       0 |   0.0 |       4 |       0 |   0.0
       D:12 |    6384 |    1528 |  19.3 |      20 |       1 |   4.8
       D:13 |    2998 |       0 |   0.0 |       5 |       0 |   0.0
       D:14 |    9438 |    1621 |  14.7 |      21 |       3 |  12.5
       D:15 |    8056 |    4151 |  34.0 |      21 |       6 |  22.2
     Lair:1 |    5339 |    1022 |  16.1 |      25 |       4 |  13.8
     Lair:2 |    5443 |    2375 |  30.4 |      21 |      12 |  36.4
     Lair:3 |    5597 |     642 |  10.3 |      22 |       4 |  15.4
     Lair:4 |    7840 |     785 |   9.1 |      27 |       1 |   3.6
     Lair:5 |    8142 |    9112 |  52.8 |      29 |      20 |  40.8
    Swamp:1 |    9979 |       0 |   0.0 |      22 |       0 |   0.0
    Swamp:2 |   11377 |    1125 |   9.0 |      24 |       2 |   7.7
    Swamp:3 |   20103 |   12106 |  37.6 |      38 |      14 |  26.9
    Swamp:4 |    6552 |   26477 |  80.2 |      10 |      36 |  78.3
    Snake:1 |   16231 |    2039 |  11.2 |      32 |       4 |  11.1
    Snake:2 |   21858 |    9057 |  29.3 |      42 |      15 |  26.3
    Snake:3 |   19641 |    4461 |  18.5 |      43 |       2 |   4.4
    Snake:4 |   22037 |   25777 |  53.9 |      49 |      36 |  42.4
      Orc:1 |    2594 |     909 |  25.9 |      32 |       1 |   3.0
      Orc:2 |    6579 |    8351 |  55.9 |      35 |      22 |  38.6
   Vaults:1 |   26608 |   26262 |  49.7 |      40 |      36 |  47.4
   Vaults:2 |   18343 |   12793 |  41.1 |      27 |      15 |  35.7
   Vaults:3 |   33997 |   13331 |  28.2 |      57 |      19 |  25.0
   Vaults:4 |   22325 |   29839 |  57.2 |      38 |      36 |  48.6
   Depths:1 |   24196 |    3976 |  14.1 |      29 |       5 |  14.7
   Depths:2 |   29441 |   20884 |  41.5 |      33 |      16 |  32.7
            +---------+---------+-------+---------+---------+-------
